Workbook

Sheet 合同档案目录
A1: 大连罗斯泵业有限公司
A2: 合同档案目录
A3: ="计划号："&'封面'!E8 | D3: ="客户："&'封面'!E11 | G3: ="业务员："&'封面'!E17 | K3: 制式文件，此页无需操作
A4: 合同信息 | E4: 变更单及内部联络函
A5: 序号 | B5: 类别 | C5: 页数 | D5: 有无 | E5: 序号 | F5: 公司码＆文件编号 | G5: 变更内容 | H5: 页数 | I5: 部门
A6: 1 | B6: 中标通知书 | E6: 1
A7: 2 | B7: 销售合同 | E7: 2
A8: 3 | B8: 技术协议 | E8: 3
A9: 4 | B9: 排产申请 | E9: 4
A10: 5 | B10: 合同评审表 | E10: 5
A11: 6 | B11: 生产通知单 | E11: 6
A12: 7 | B12: 工期确认表 | E12: 7
A13: 8 | B13: 会议记录 | E13: 8
A14: 9 | B14: 中间资料 | E14: 9
A15: 10 | B15: 终版资料 | E15: 10
A16: 11 | B16: 机封采购合同 | E16: 11
A17: 12 | B17: 电机采购合同 | E17: 12
... A20: 15 | B20: 发货通知单 | E20: 15
A21: 客户来函件 | E21: 公司发函件
A22: 序号 | B22: 内容 | C22: 页数 | D22: 发件人 | E22: 序号 | F22: 文件编号 | G22: 内容 | H22: 页数 | I22: 发件人
A23: 1 | E23: 1
A24: 2 | E24: 2
A25: 3 | E25: 3
A26: 4 | E26: 4
A27: 5 | E27: 5
A28: 6 | E28: 6
A29: 7 | E29: 7
A30: 8 | E30: 8
A31: 9 | E31: 9

Sheet 封面
B2: 大连罗斯泵业有限公司
C5: 工 厂 执 行 文 件-FOP
C7: 合同号
C8: 罗斯计划号 | K8: 此页仅涂黄处需要自动填写
C9: 项目/装置名称 | E9: 蓝海新材料有限公司高端聚烯烃新材料项目10万吨/年POE装置
C11: 买 方 | E11: 中石油吉林化工工程有限公司
C13: 最终用户 | E13: 蓝海新材料(通州湾)有限责任公司
C15: 设 计 方 | E15: 中石油吉林化工工程有限公司
C17: 销售经理 | G17: 技术支持
C18: 排产时间 | G18: 交货日期
C19: 合同类型 | G19: 设备类型及数量
C21: 市场领域 | G21: 所在地区环境 | H21: 沿海湿热
D24: 预排执行计划
D25: 确定执行计划
C28: 8
C29: 7
C30: 6
C31: 5
C32: 4
C33: 3
C34: 2
C35: 1
C36: 0
C37: 版次 | D37: 说 明 | F37: 日期 | G37: 编 制 | H37: 校 对 | I37: 批 准

Sheet 文件升版修订
A3: 大连罗斯泵业有限公司
A5: FOP修订文件
A6: 序号 | B6: 修订项 | C6: 日期 | D6: 修订内容
A7: 1
A8: 2 | F8: 制式文件，此页无需操作
A9: 3
A10: 4
A11: 5
A12: 6
A13: 7
A14: 8
A15: 9
A16: 10
A17: 11
A18: 12
A19: 13
A20: 14
... A32: 26

Sheet 排产说明
A1: 采购单位 | C1: =IF('选型表'!D3="","",'选型表'!D3) -> 中石油吉林化工工程有限公司 | G1: 合同号 | H1: =IF('选型表'!E2="","",'选型表'!E2)
A2: 计划号 | C2: =IF('选型表'!J2="","",'选型表'!J2) | G2: 日期 | H2: =IF('选型表'!AC5="","",'选型表'!AC5)
A3: 技术说明
A4: 此页需要填写泵要求：
A5: 模块1：法兰标准：法兰标准:ASME B16.5 Class 150/300/600采用RF,Class 900及以上采用RJ 本批全部数据表适用：所有接口的非标配对法兰、法兰垫片及紧固件 本批全部数据表适用：所有与买方接口均为法兰连接,法兰标准ASMEB16.5/ASMEB16.47B
A6: 示例：HG/T20615-2009 300lb WN/RF
A7: 若压力等级（300lb）和密封面（RF）每个位号不一样则按照位号列明
A8: 模块2：材料执行标准：材料总则：按设备数据表及适用的API/ASTM/GB标准执行；替代材料须具有同等或更好性能并提交同类工况业绩证明 禁限用/条件材料：任何机泵设备不得采用石棉制品；含12%Cr的马氏体不锈钢铸造壳体宜用ASTM A487 CA6NM；采用ASTM A217 CA15须经买方批准 法兰垫片：钢制缠绕垫片；中心支撑环和内部金属环为不锈钢 密封冲洗系统阀门/冷却器/管道/管件：304 冷却水系统：碳钢
A9: 示例：材料执行国标/美标
A10: 模块X：泵铭牌要求：铭牌采用不锈钢或蒙乃尔；至少包含卖方名称、系列号、型号、转速/流量/扬程或压力等特性数据、买方位号和制造日期；国内采购中文，国外采购英文
A11: 模块X：接地要求：每个底座至少两处接地点；所有金属结构接地；法兰设可见静电跨接线，截面不小于6mm²
A12: 模块X：安全防护要求：安全防护：全封闭无火花型联轴器护罩，带盘车窗；承受任意方向900N静载荷时偏转不超过3mm
A13: 模块X：紧固件要求：法兰连接紧固件采用双头螺栓 非标接口配套螺栓、螺母及垫片随设备供货 本批全部数据表适用：全部的地脚螺栓、螺母及垫片
A14: 模块X：海拔高度/大气压、环境：项目地点及气象：建设地点：江苏省南通市通州湾绿色化工拓展区(主体港)；大气压：101.59 kPa(A)；极端最高气温：39.6 ℃；极端最低气温：-10.9 ℃；年平均相对湿度：77.6 % 泵组设计须适合全部规定工况、现场环境、气候条件及防爆区域要求 现场气候为多雷雨、空气潮湿、强日照和盐雾的南方海洋性气候;户外/露天配套件按该环境选型 户外配套件安装高度应避免雨季/台风季积水浸泡,支架设计考虑台风并采取加固措施 配套电动机适用于温带重度防腐环境,防腐等级不低于THWF2或C5 户外安装的配套电动机最低防护等级为IP55
... A17: 本批全部数据表适用:接管的参数为工艺管路参数 本批全部数据表适用:泵体排液/气采用阀门加法兰型式,其材料等级、压力等级不低于泵体等级 本批全部数据表适用:选型需在最高流量下满足扬程要求

Sheet 待定项
A1: 采购单位 | C1: ='选型表'!D3 | F1: 合同待定项 | G1: 合同号 | H1: ='选型表'!E2 | L1: 制式文件，此页无需操作
A2: 计划号 | C2: ='选型表'!J2 | G2: 日期 | H2: ='选型表'!AC5
A3: 待定内容 | F3: 与业务员或看客户沟通日期 | H3: 客户反馈日期 | J3: 备注
A13: 说明：所有待定项，工程人员应于产前评审会结束后，统一以邮件形式发给业务员或客户，客户回复后下发联络单给各部门签收。

Sheet 选型表
C2: 合同号： | E2: =IF('封面'!E7="","",'封面'!E7) | I2: 计划号： | J2: =IF('封面'!E8="","",'封面'!E8)
A3: 采购单位 | D3: =IF('封面'!E11="","",'封面'!E11) -> 中石油吉林化工工程有限公司 | K3: 离心泵选型参数表 | V3: 所属地区 | Y3: 江苏省南通市通州湾绿色化工拓展区(主体港) | AB3: 评审人 | AC3: =IF('封面'!H17="","",'封面'!H17) | AI3: 此页即最初要求的选型表
A4: 业主名称 | D4: =IF('封面'!E13="","",'封面'!E13) -> 蓝海新材料(通州湾)有限责任公司
A5: 项目名称/装置名称 | D5: =IF('封面'!E9="","",'封面'!E9) -> 蓝海新材料有限公司高端聚烯烃新材料项目10万吨/年POE装置 | V5: 联 系 人 | AB5: 日 期 | AC5: =IF('封面'!E18="","",'封面'!E18)
A6: 分号 | B6: 出厂编号 | C6: 设备位号 | D6: 设备名称 | E6: 数量 | F6: 介质名称 | G6: 比重 | H6: 温度 (℃) | I6: 汽化 压力 (MPaA) | J6: 粘度 (mm2/s) | K6: 压力(MPaG) | M6: 流量 m3/h | P6: 扬程 m | Q6: 泵型号 | S6: 自吸高度m | T6: 额定 转速 rpm | U6: 效率 % | V6: NPSH (m) | X6: 轴功率 （kw） | Y6: 材质 (代号) | Z6: 密封 冲洗 方案 PLAN | AA6: 冷却 /保温方案 | AB6: 电机型号 | AC6: 功率 （kw） | AD6: 轴承架号 | AE6: MAWP (MPa) | AF6: 水压试验压力 (MPa) | AG6: MAWT (℃)
K7: 入口 | L7: 出口 | M7: Qmin | N7: 正常 | O7: 额定★ | V7: a | W7: r
A8: 001 | C8: 3100-P-3133A/B | D8: C-3130塔釜采出泵 | E8: 2 | F8: 低聚物、己烷、辛烯 | G8: 0.621 | H8: 119.4 | I8: 0.155 | J8: 0.305153 | K8: 0.09 | L8: 0.281 | N8: 2/8.85 | O8: 10.62 | P8: 32 | V8: 4 | X8: =IFERROR(IF(OR(O8="",P8="",G8="",U8="",U8=0),"",O8*P8*G8/367.2/U8*100),"") | Z8: PLAN22+52 | AA8: 轴承风冷；保温/伴热/保冷按工程规定
A9: 002 | C9: 3100-P-3143A/B | D9: 二级凝液泵 | E9: 2 | F9: 己烷、辛烯、微量聚合物 | G9: 0.60897 | H9: 101.5 | I9: 0.2 | J9: 0.312002 | K9: 0.17 | L9: 0.38 | N9: 2.4/5.5 | O9: 6.68 | P9: 35 | V9: 5 | X9: =IFERROR(IF(OR(O9="",P9="",G9="",U9="",U9=0),"",O9*P9*G9/367.2/U9*100),"") | Z9: PLAN22+52 | AA9: 轴承风冷；保温/伴热/保冷按工程规定
A10: 003 | C10: 3100-P-4112A/B | D10: C-4110塔釜液泵 | E10: 2 | F10: 辛烯-1、异辛烯、低聚物 | G10: 0.61 | H10: 141.8 | I10: 0.17 | J10: 0.236885 | K10: 0.098 | L10: 0.487 | N10: 2.6/9.71 | O10: 11.7 | P10: 65 | V10: 3.5 | X10: =IFERROR(IF(OR(O10="",P10="",G10="",U10="",U10=0),"",O10*P10*G10/367.2/U10*100),"") | Z10: PLAN22+52 | AA10: 轴承风冷；保温/伴热/保冷按工程规定
A11: 004 | C11: 3100-P-4123A/B | D11: C-4120塔釜再沸器强制循环泵 | E11: 2 | F11: 辛烯-1、辛烯-2、低聚物 | G11: 0.651 | H11: 145.4 | I11: 0.17 | J11: 0.379416 | K11: 0.1 | L11: 0.195 | N11: 131/263.2 | O11: 316 | P11: 15 | V11: 3.5 | X11: =IFERROR(IF(OR(O11="",P11="",G11="",U11="",U11=0),"",O11*P11*G11/367.2/U11*100),"") | Z11: PLAN22+52 | AA11: 轴承风冷；保温/伴热/保冷按工程规定
A12: 005 | C12: 3100-P-4133A/B | D12: 退料物料输送泵 | E12: 2 | F12: 己烷、辛烯-1、辛烯-2、低聚物 | G12: 0.671 | H12: 最低40/最高60 | I12: 0.032 | J12: 0.462891 | K12: 0.202 | L12: 0.453 | N12: 2.7/5.5 | O12: 6.7 | P12: 42 | V12: 4.5 | X12: =IFERROR(IF(OR(O12="",P12="",G12="",U12="",U12=0),"",O12*P12*G12/367.2/U12*100),"") | Z12: PLAN12+52 | AA12: 轴承风冷；保温/伴热/保冷按工程规定
A13: 006 | C13: 3100-P-4134 | D13: 低聚物输送泵 | E13: 1 | F13: 异辛烯、低聚物14.1%wt | G13: 0.71 | H13: 80 | I13: 0.005 | J13: 0.665211 | K13: 0.204 | L13: 0.83 | N13: 30 | O13: 30 | P13: 90 | V13: 4.5 | X13: =IFERROR(IF(OR(O13="",P13="",G13="",U13="",U13=0),"",O13*P13*G13/367.2/U13*100),"") | Z13: PLAN12+52 | AA13: 轴承风冷；保温/伴热/保冷按工程规定
A14: 007 | C14: 3100-P-8121A/B | D14: 蒸汽凝液输送泵 | E14: 2 | F14: 蒸汽凝液 | G14: 0.957 | H14: 101 | I14: 0.11 | J14: 0.287565 | K14: 0.06 | L14: 0.9 | N14: 16.5 | O14: 21 | P14: 90 | V14: 4 | X14: =IFERROR(IF(OR(O14="",P14="",G14="",U14="",U14=0),"",O14*P14*G14/367.2/U14*100),"") | Z14: PLAN23 | AA14: 轴承风冷；保温/伴热/保冷按工程规定
A15: 008 | C15: 3100-P-8151AB | D15: 火炬凝液输送泵 | E15: 2 | F15: 火炬凝液 | G15: 0.642~1 | H15: 160 | K15: 0.15 | L15: 1.1 | N15: 5 | O15: 6 | P15: 95 | V15: 5 | X15: =IFERROR(IF(OR(O15="",P15="",G15="",U15="",U15=0),"",O15*P15*G15/367.2/U15*100),"") | Z15: PLAN23+53B | AA15: 轴承风冷；保温/伴热/保冷按工程规定
A16: 009 | C16: 3100-P-8171 | D16: 冷凝液输送泵 | E16: 1 | F16: 废气冷凝液 | G16: 0.7 | H16: -18 | I16: 0.01 | K16: 0.01 | L16: 0.52 | N16: 3 | O16: 4 | P16: 75 | V16: 5 | X16: =IFERROR(IF(OR(O16="",P16="",G16="",U16="",U16=0),"",O16*P16*G16/367.2/U16*100),"") | Z16: PLAN11+53B | AA16: 轴承风冷；保温/伴热/保冷按工程规定
A17: 010 | C17: 3100-P-3233A/B | D17: C-3230塔釜采出泵 | E17: 2 | F17: 低聚物、己烷、辛烯 | G17: 0.621 | H17: 119.4 | I17: 0.155 | J17: 0.305153 | K17: 0.09 | L17: 0.281 | N17: 2/8.85 | O17: 10.62 | P17: 32 | V17: 4 | X17: =IFERROR(IF(OR(O17="",P17="",G17="",U17="",U17=0),"",O17*P17*G17/367.2/U17*100),"") | Z17: PLAN22+52 | AA17: 轴承风冷；保温/伴热/保冷按工程规定
A18: 011 | C18: 3100-P-3243A/B | D18: 二级凝液泵 | E18: 2 | F18: 工况1：己烷、辛烯、微量聚合物 工况2：己烷、丁烯(微量) | G18: 工况1：0.60897 工况2：0.59224 | H18: 工况1：101.5 工况2：89.9 | I18: 工况1：0.2 工况2：0.2 | J18: 工况1：0.312002 工况2：0.299878 | K18: 工况1：0.17 工况2：0.17 | L18: 工况1：0.38 工况2：0.52 | N18: 工况1：2.4/5.5 工况2：2.9/5.83 | O18: 工况1：6.68 工况2：7 | P18: 工况1：35 工况2：61 | V18: 工况1：5 工况2：5 | X18: =IFERROR(IF(OR(O18="",P18="",G18="",U18="",U18=0),"",O18*P18*G18/367.2/U18*100),"") | Z18: 工况1：PLAN22+52 工况2：PLAN22+52 | AA18: 工况1：轴承风冷；保温/伴热/保冷按工程规定 工况2：轴承风冷；保温/伴热/保冷按工程规定
A19: 012 | C19: 3100-P-4212A/B | D19: C-4210塔釜液泵1 | E19: 2 | F19: 辛烯-1、异辛烯、低聚物 | G19: 0.61 | H19: 141.8 | I19: 0.17 | J19: 0.236885 | K19: 0.098 | L19: 0.473 | N19: 2.6/9.71 | O19: 11.7 | P19: 65 | V19: 3.5 | X19: =IFERROR(IF(OR(O19="",P19="",G19="",U19="",U19=0),"",O19*P19*G19/367.2/U19*100),"") | Z19: PLAN22+52 | AA19: 轴承风冷；保温/伴热/保冷按工程规定
A20: 013 | C20: 3100-P-4213A/B | D20: C-4210塔釜液泵2 | E20: 2 | F20: 低聚物、己烷 | G20: 0.815 | H20: 110.8 | I20: 0.3 | J20: 1.277178 | K20: 0.261 | L20: 0.5 | N20: 185/370.14 | O20: 445 | P20: 30 | V20: 4.5 | X20: =IFERROR(IF(OR(O20="",P20="",G20="",U20="",U20=0),"",O20*P20*G20/367.2/U20*100),"") | Z20: PLAN22+52 | AA20: 轴承风冷；保温/伴热/保冷按工程规定
A21: 014 | C21: 3100-P-4223A/B | D21: C-4220塔釜再沸器强制循环泵 | E21: 2 | F21: 辛烯-1、辛烯-2、低聚物 | G21: 0.651 | H21: 145.4 | I21: 0.17 | J21: 0.379416 | K21: 0.1 | L21: 0.195 | N21: 131/263.2 | O21: 316 | P21: 15 | V21: 3.5 | X21: =IFERROR(IF(OR(O21="",P21="",G21="",U21="",U21=0),"",O21*P21*G21/367.2/U21*100),"") | Z21: PLAN22+52 | AA21: 轴承风冷；保温/伴热/保冷按工程规定
A22: 015 | C22: 3100-P-4233A/B | D22: 退料物料输送泵 | E22: 2 | F22: 工况1：己烷、辛烯-1、辛烯-2、低聚物 工况2：己烷、低聚物 | G22: 工况1：0.671 工况2：0.597 | H22: 工况1：最低40/最高60 工况2：最低40/最高60 | I22: 工况1：0.032 工况2：0.032 | J22: 工况1：0.462891 工况2：0.312395 | K22: 工况1：0.202 工况2：0.2 | L22: 工况1：0.453 工况2：0.551 | N22: 工况1：2.7/5.5 工况2：2.9/5.95 | O22: 工况1：6.7 工况2：7.14 | P22: 工况1：42 工况2：60 | V22: 工况1：4.5 工况2：4.5 | X22: =IFERROR(IF(OR(O22="",P22="",G22="",U22="",U22=0),"",O22*P22*G22/367.2/U22*100),"") | Z22: 工况1：PLAN12+52 工况2：PLAN12+52 | AA22: 工况1：轴承风冷；保温/伴热/保冷按工程规定 工况2：轴承风冷；保温/伴热/保冷按工程规定
A23: 016 | C23: 3100-P-4234 | D23: 低聚物输送泵 | E23: 1 | F23: 工况1：异辛烯、低聚物 工况2：低聚物 | G23: 工况1：0.71 工况2：0.841 | H23: 工况1：80 工况2：80 | I23: 工况1：0.005 工况2：0.005 | J23: 工况1：0.665211 工况2：2.142925 | K23: 工况1：0.204 工况2：0.207 | L23: 工况1：0.83 工况2：0.949 | N23: 工况1：30 工况2：30 | O23: 工况1：30 工况2：30 | P23: 工况1：90 工况2：90 | V23: 工况1：4.5 工况2：4.5 | X23: =IFERROR(IF(OR(O23="",P23="",G23="",U23="",U23=0),"",O23*P23*G23/367.2/U23*100),"") | Z23: 工况1：PLAN12+52 工况2：PLAN12+52 | AA23: 工况1：轴承风冷；保温/伴热/保冷按工程规定 工况2：轴承风冷；保温/伴热/保冷按工程规定
A24: 017 | C24: 3100-P-8221A/B | D24: 蒸汽凝液输送泵 | E24: 2 | F24: 蒸汽凝液 | G24: 0.957 | H24: 101 | I24: 0.11 | J24: 0.287565 | K24: 0.06 | L24: 0.9 | N24: 15.4 | O24: 20 | P24: 90 | V24: 4 | X24: =IFERROR(IF(OR(O24="",P24="",G24="",U24="",U24=0),"",O24*P24*G24/367.2/U24*100),"") | Z24: PLAN23 | AA24: 轴承风冷；保温/伴热/保冷按工程规定
A25: 018 | C25: 3100-P-8301A/B | D25: 冷冻水输送泵 | E25: 2 | F25: 乙二醇溶液 | G25: 1.07379 | H25: -20 | I25: 0.002 | J25: 11.370938 | K25: 0.02 | L25: 0.85 | N25: 313.19 | O25: 375 | P25: 80 | V25: 5 | X25: =IFERROR(IF(OR(O25="",P25="",G25="",U25="",U25=0),"",O25*P25*G25/367.2/U25*100),"") | Z25: PLAN11 | AA25: 轴承风冷；保温/伴热/保冷按工程规定
A26: 019 | C26: 3100-P-8302A/B | D26: 冷冻水输送泵 | E26: 2 | F26: 工况1：乙二醇溶液 工况2：乙二醇溶液 | G26: 工况1：1.0739 工况2：1.0739 | H26: 工况1：-20 工况2：-20 | I26: 工况1：0.002 工况2：0.002 | J26: 工况1：11.369774 工况2：11.369774 | K26: 工况1：0.02 工况2：0.02 | L26: 工况1：0.85 工况2：0.85 | N26: 工况1：313.19 工况2：140.63 | O26: 工况1：375 工况2：155 | P26: 工况1：80 工况2：80 | V26: 工况1：5 工况2：5 | X26: =IFERROR(IF(OR(O26="",P26="",G26="",U26="",U26=0),"",O26*P26*G26/367.2/U26*100),"") | Z26: 工况1：PLAN11 工况2：PLAN11 | AA26: 工况1：轴承风冷；保温/伴热/保冷按工程规定 工况2：轴承风冷；保温/伴热/保冷按工程规定
A27: 020 | C27: 3100-P-8303A/B/C | D27: 冷水输送泵 | E27: 3 | F27: 冷水 | G27: 0.998 | H27: 12 | I27: 0.00489 | J27: 1.232465 | K27: 0.02 | L27: 0.83 | N27: 450 | O27: 540 | P27: 85 | V27: 5 | X27: =IFERROR(IF(OR(O27="",P27="",G27="",U27="",U27=0),"",O27*P27*G27/367.2/U27*100),"") | Z27: PLAN11 | AA27: 轴承风冷；保温/伴热/保冷按工程规定
D28: 总计 | E28: =SUM(E8:E27) -> 38
A29: 注意： | C29: 1、流量、扬程有多点时“★”标注对应额定点。 2、本《排产通知书》除“排产说明”和“供货范围”外，其他所有表格禁止合并、删除、增加、修改题目内容(除本页有粘度换算时应插入行，并在流量、扬程、效率对应列处填写清水数据外。)！3.自吸泵要标明自吸高度（提前与用户沟通好启动液位距离泵入口中心线的垂直距离） 4.水压试验压力为铭牌参数，非厂内执行参数。

Sheet 泵结构要求及执行标准
A1: 计划号 | C1: =IF('选型表'!J2="","",'选型表'!J2)
A2: 采购单位 | C2: =IF('选型表'!D3="","",'选型表'!D3) -> 中石油吉林化工工程有限公司 | I2: 泵结构要求及执行标准 | P2: 所属地区 | Q2: =IF('选型表'!Y3="","",'选型表'!Y3) -> 江苏省南通市通州湾绿色化工拓展区(主体港) | S2: 填 表 人 | T2: =IF('选型表'!AC3="","",'选型表'!AC3)
A3: 项目名称/ 装置名称 | C3: =IF('选型表'!D5="","",'选型表'!D5) -> 蓝海新材料有限公司高端聚烯烃新材料项目10万吨/年POE装置 | P3: 联 系 人 | Q3: =IF('选型表'!Y5="","",'选型表'!Y5) | S3: 日 期 | T3: =IF('选型表'!AC5="","",'选型表'!AC5) | W3: 此页结构要求
A4: 由工程部填写
A5: 分号 | B5: 设备位号 | C5: 泵 型 号 | E5: 泵台数 | F5: 泵旋向（从电机端看泵） | G5: 体盖垫片材质 | H5: OH2泵 | K5: 泵体保温方式 | L5: 节流孔板要求 | M5: 轴承箱材质 | N5: 轴承箱密封形式 | O5: 轴承箱其他要求 | P5: 轴承润滑形式 | Q5: 密封冲洗管路、管件材质 | R5: 法兰垫片材质 | S5: 是否执行API682腔体 | T5: 冷却水管路材质 | U5: 备注
H6: 泵体执行标准 | I6: 泵盖执行标准 | J6: 轴承箱要求
A7: =IF('选型表'!A8="","",'选型表'!A8) -> 001 | B7: 3100-P-3133A/B | E7: =IF('选型表'!E8="","",'选型表'!E8) -> 2 | J7: 不带支脚 | O7: 设振动测量加工表面；恒液位油杯采用平衡型或非排气型 | P7: 稀油润滑 | Q7: 304 | R7: 钢制缠绕垫；中心支撑环和内部金属环为不锈钢 | T7: 碳钢 | U7: PLAN22提供双过滤器及差压变送器,过滤器可以在线切换
A8: =IF('选型表'!A9="","",'选型表'!A9) -> 002 | B8: 3100-P-3143A/B | E8: =IF('选型表'!E9="","",'选型表'!E9) -> 2 | J8: 不带支脚 | O8: 设振动测量加工表面；恒液位油杯采用平衡型或非排气型 | P8: 稀油润滑 | Q8: 304 | R8: 钢制缠绕垫；中心支撑环和内部金属环为不锈钢 | T8: 碳钢 | U8: PLAN22提供双过滤器及差压变送器,过滤器可以在线切换
A9: =IF('选型表'!A10="","",'选型表'!A10) -> 003 | B9: 3100-P-4112A/B | E9: =IF('选型表'!E10="","",'选型表'!E10) -> 2 | J9: 不带支脚 | O9: 设振动测量加工表面；恒液位油杯采用平衡型或非排气型 | P9: 稀油润滑 | Q9: 304 | R9: 钢制缠绕垫；中心支撑环和内部金属环为不锈钢 | T9: 碳钢 | U9: PLAN22提供双过滤器及差压变送器,过滤器可以在线切换
A10: =IF('选型表'!A11="","",'选型表'!A11) -> 004 | B10: 3100-P-4123A/B | E10: =IF('选型表'!E11="","",'选型表'!E11) -> 2 | J10: 不带支脚 | O10: 设振动测量加工表面；恒液位油杯采用平衡型或非排气型 | P10: 稀油润滑 | Q10: 304 | R10: 钢制缠绕垫；中心支撑环和内部金属环为不锈钢 | T10: 碳钢 | U10: PLAN22提供双过滤器及差压变送器,过滤器可以在线切换
A11: =IF('选型表'!A12="","",'选型表'!A12) -> 005 | B11: 3100-P-4133A/B | E11: =IF('选型表'!E12="","",'选型表'!E12) -> 2 | J11: 不带支脚 | O11: 设振动测量加工表面；恒液位油杯采用平衡型或非排气型 | P11: 稀油润滑 | Q11: 304 | R11: 钢制缠绕垫；中心支撑环和内部金属环为不锈钢 | T11: 碳钢 | U11: PLAN12提供双过滤器及差压变送器,过滤器可以在线切换
A12: =IF('选型表'!A13="","",'选型表'!A13) -> 006 | B12: 3100-P-4134 | E12: =IF('选型表'!E13="","",'选型表'!E13) -> 1 | J12: 不带支脚 | O12: 设振动测量加工表面；恒液位油杯采用平衡型或非排气型 | P12: 稀油润滑 | Q12: 304 | R12: 钢制缠绕垫；中心支撑环和内部金属环为不锈钢 | T12: 碳钢 | U12: PLAN12提供双过滤器及差压变送器,过滤器可以在线切换 密封冲洗方案需卖方核实确认 买卖双方及设计方共同确认密封方案,但密封方案的修改不能影响商务价格
A13: =IF('选型表'!A14="","",'选型表'!A14) -> 007 | B13: 3100-P-8121A/B | E13: =IF('选型表'!E14="","",'选型表'!E14) -> 2 | J13: 不带支脚 | O13: 设振动测量加工表面；恒液位油杯采用平衡型或非排气型 | P13: 稀油润滑 | Q13: 304 | R13: 钢制缠绕垫；中心支撑环和内部金属环为不锈钢 | T13: 碳钢
A14: =IF('选型表'!A15="","",'选型表'!A15) -> 008 | B14: 3100-P-8151AB | E14: =IF('选型表'!E15="","",'选型表'!E15) -> 2 | J14: 不带支脚 | O14: 设振动测量加工表面；恒液位油杯采用平衡型或非排气型 | P14: 稀油润滑 | Q14: 304 | R14: 钢制缠绕垫；中心支撑环和内部金属环为不锈钢 | T14: 碳钢
A15: =IF('选型表'!A16="","",'选型表'!A16) -> 009 | B15: 3100-P-8171 | E15: =IF('选型表'!E16="","",'选型表'!E16) -> 1 | J15: 不带支脚 | O15: 设振动测量加工表面；恒液位油杯采用平衡型或非排气型 | P15: 稀油润滑 | Q15: 304 | R15: 钢制缠绕垫；中心支撑环和内部金属环为不锈钢 | T15: 碳钢
A16: =IF('选型表'!A17="","",'选型表'!A17) -> 010 | B16: 3100-P-3233A/B | E16: =IF('选型表'!E17="","",'选型表'!E17) -> 2 | J16: 不带支脚 | O16: 设振动测量加工表面；恒液位油杯采用平衡型或非排气型 | P16: 稀油润滑 | Q16: 304 | R16: 钢制缠绕垫；中心支撑环和内部金属环为不锈钢 | T16: 碳钢 | U16: PLAN22提供双过滤器及差压变送器,过滤器可以在线切换
A17: =IF('选型表'!A18="","",'选型表'!A18) -> 011 | B17: 3100-P-3243A/B | E17: =IF('选型表'!E18="","",'选型表'!E18) -> 2 | J17: 不带支脚 | O17: 设振动测量加工表面；恒液位油杯采用平衡型或非排气型 | P17: 稀油润滑 | Q17: 304 | R17: 钢制缠绕垫；中心支撑环和内部金属环为不锈钢 | T17: 碳钢 | U17: PLAN22提供双过滤器及差压变送器,过滤器可以在线切换 存在辛烯工况和丁烯工况,选型应满足最苛刻工况,同时需兼顾另外一种工况
A18: =IF('选型表'!A19="","",'选型表'!A19) -> 012 | B18: 3100-P-4212A/B | E18: =IF('选型表'!E19="","",'选型表'!E19) -> 2 | J18: 不带支脚 | O18: 设振动测量加工表面；恒液位油杯采用平衡型或非排气型 | P18: 稀油润滑 | Q18: 304 | R18: 钢制缠绕垫；中心支撑环和内部金属环为不锈钢 | T18: 碳钢 | U18: PLAN22提供双过滤器及差压变送器,过滤器可以在线切换
A19: =IF('选型表'!A20="","",'选型表'!A20) -> 013 | B19: 3100-P-4213A/B | E19: =IF('选型表'!E20="","",'选型表'!E20) -> 2 | J19: 不带支脚 | O19: 设振动测量加工表面；恒液位油杯采用平衡型或非排气型 | P19: 稀油润滑 | Q19: 304 | R19: 钢制缠绕垫；中心支撑环和内部金属环为不锈钢 | T19: 碳钢 | U19: PLAN22提供双过滤器及差压变送器,过滤器可以在线切换
A20: =IF('选型表'!A21="","",'选型表'!A21) -> 014 | B20: 3100-P-4223A/B | E20: =IF('选型表'!E21="","",'选型表'!E21) -> 2 | J20: 不带支脚 | O20: 设振动测量加工表面；恒液位油杯采用平衡型或非排气型 | P20: 稀油润滑 | Q20: 304 | R20: 钢制缠绕垫；中心支撑环和内部金属环为不锈钢 | T20: 碳钢 | U20: PLAN22提供双过滤器及差压变送器,过滤器可以在线切换
A21: =IF('选型表'!A22="","",'选型表'!A22) -> 015 | B21: 3100-P-4233A/B | E21: =IF('选型表'!E22="","",'选型表'!E22) -> 2 | J21: 不带支脚 | O21: 设振动测量加工表面；恒液位油杯采用平衡型或非排气型 | P21: 稀油润滑 | Q21: 304 | R21: 钢制缠绕垫；中心支撑环和内部金属环为不锈钢 | T21: 碳钢 | U21: PLAN12提供双过滤器及差压变送器,过滤器可以在线切换 存在双工况,选型应满足最苛刻工况,同时兼顾另一工况
A22: =IF('选型表'!A23="","",'选型表'!A23) -> 016 | B22: 3100-P-4234 | E22: =IF('选型表'!E23="","",'选型表'!E23) -> 1 | J22: 不带支脚 | O22: 设振动测量加工表面；恒液位油杯采用平衡型或非排气型 | P22: 稀油润滑 | Q22: 304 | R22: 钢制缠绕垫；中心支撑环和内部金属环为不锈钢 | T22: 碳钢 | U22: 存在双工况,选型应满足最苛刻工况,同时兼顾另一工况 PLAN12提供双过滤器及差压变送器,过滤器可以在线切换
A23: =IF('选型表'!A24="","",'选型表'!A24) -> 017 | B23: 3100-P-8221A/B | E23: =IF('选型表'!E24="","",'选型表'!E24) -> 2 | J23: 不带支脚 | O23: 设振动测量加工表面；恒液位油杯采用平衡型或非排气型 | P23: 稀油润滑 | Q23: 304 | R23: 钢制缠绕垫；中心支撑环和内部金属环为不锈钢 | T23: 碳钢
A24: =IF('选型表'!A25="","",'选型表'!A25) -> 018 | B24: 3100-P-8301A/B | E24: =IF('选型表'!E25="","",'选型表'!E25) -> 2 | J24: 不带支脚 | O24: 设振动测量加工表面；恒液位油杯采用平衡型或非排气型 | P24: 稀油润滑 | Q24: 304 | R24: 钢制缠绕垫；中心支撑环和内部金属环为不锈钢
A25: =IF('选型表'!A26="","",'选型表'!A26) -> 019 | B25: 3100-P-8302A/B | E25: =IF('选型表'!E26="","",'选型表'!E26) -> 2 | J25: 不带支脚 | O25: 设振动测量加工表面；恒液位油杯采用平衡型或非排气型 | P25: 稀油润滑 | Q25: 304 | R25: 钢制缠绕垫；中心支撑环和内部金属环为不锈钢 | U25: 存在双工况,选型应满足最苛刻工况,同时兼顾另一工况
A26: =IF('选型表'!A27="","",'选型表'!A27) -> 020 | B26: 3100-P-8303A/B/C | E26: =IF('选型表'!E27="","",'选型表'!E27) -> 3 | J26: 不带支脚 | O26: 设振动测量加工表面；恒液位油杯采用平衡型或非排气型 | P26: 稀油润滑 | Q26: 304 | R26: 钢制缠绕垫；中心支撑环和内部金属环为不锈钢

Sheet 通用要求
A1: 通用要求： | D1: 合同号： | E1: =IF('选型表'!E2="","",'选型表'!E2) | F1: 采购单位： | G1: =IF('选型表'!D3="","",'选型表'!D3) -> 中石油吉林化工工程有限公司 | L1: 评审人： | M1: =IF('选型表'!AC3="","",'选型表'!AC3) | N1: 日期： | O1: =IF('选型表'!AC5="","",'选型表'!AC5) | Q1: 此页要求查询涂黄处信息
A2: 序号 | B2: 项目 | C2: 要 求
A3: 1 | B3: 轴承 | C3: 轴承供应商： | D3: 滚动： | J3: 结构：深沟球轴承保持架采用金属材质 润滑：滚动轴承采用稀油润滑 油杯：恒液位油杯采用平衡型或非排气型 测振：所有设备设置振动测量加工表面 冷却：T≤177℃风冷；177℃＜T＜260℃风冷+隔热；T≥260℃水冷 寿命：额定工况按ISO 281的基本额定L10寿命≥25000h
A4: 2 | B4: 联轴器、联轴器罩 | C4: 联轴器供应商： | J4: 润滑：无润滑 标准：API 671 传动限制：不允许采用皮带传动和链传动 设计能力：联轴器及其与轴接合部分承载能力≥最大驱动机功率的125%（含驱动机使用系数）
C5: 联轴器型式： | D5: ●挠性膜片 ●加长段
C6: 联轴器罩型式： | D6: ●全封闭 | J6: 联轴器防护罩带盘车开门结构 防护罩设计应保证其与驱动机/被驱动设备之间缝隙，手指无法穿过 所有防护罩均采用无火花型 带网眼的防护罩应保证人手指不能通过网眼触及到运动部件 防护罩材料厚度至少3mm,且能承受来自任何方向900N的静载荷而不会因为变形而接触运动部位 防护罩应有足够的刚度，在任何方向上如果施加一个900N的静态负荷，联轴器护罩不应偏转3mm、与转动件接触或者导致永久变形
A7: 3 | B7: 电机 | C7: 电机供应商： | J7: 备注：
A8: 4 | B8: 密封 | C8: （国产）供应商： | J8: 备注： 详见《密封采购单》
C9: （进口）供应商：
B10: 辅助系统 | C10: （国产）供应商： | J10: 备注：
C11: （进口）供应商：
A12: 5 | B12: 底座 | C12: 型式： | D12: ○焊 接 | J12: 泵、电机及全部辅助设施安装在共用底座；满足整体吊装，设备均在底座投影内；全集液，带起吊耳、静电接地柱和排液面板/排液孔及调水平螺钉；无灌浆条件下具备足够刚度并防止空腔积水；兼容无收缩水泥或环氧树脂灌浆，灌浆孔便于施工；底座固有频率与泵组运行频率间隔≥20%；每个底座至少设置两处接地点
C13: 执行标准： | D13: ●全集液
A14: 6 | B14: 检查及 试验 | C14: 性能实验： | D14: ●提交报告（R点) ○买方见证（W点） | J14: 性能偏差按API 610执行，流量和扬程不接受负偏差
C15: 运转实验： | D15: ●提交报告（R点) ○买方见证（W点） | J15: 按卖方质量控制计划实施；试验步骤和验收准则执行合同标准、工程规定及数据表要求
C16: 汽蚀实验： | D16: ●提交报告（R点) ○买方见证（W点） ○无要求 | J16: 额定点NPSHa与NPSH3/NPSHr差值在0.6～1m时进行汽蚀试验
C17: 水压实验： | D17: ●提交报告（R点) ○买方见证（W点） ○“H”——停工待检点 | J17: 机械密封冲洗液冷却器壳体水压试验压力≥泵MAWP；特殊工况不能满足须经买方批准；所有承压部件水压试验压力≥1.5×MAWP
C18: 平衡实验： | D18: ○提交报告（R点) ○买方见证（W点） ○“H”——停工待检点 | J18: 如有规定，进行高速动平衡试验
C19: 拆解检查： | D19: ○非目睹 ○买方见证（W点） ○无要求 | J19: 备注：
C20: 噪声要求： | D20: 距设备表面1m处噪声≤85dB(A)
C21: 振动要求： | D21: 符合GB/T 6075的A区要求
C22: 轴承温升：
C23: 材料证明书：●主要受力元件材料试验报告（A未细分体/盖/轮/轴） 材料力学报告： 硬度报告： 热处理报告：
C24: 铸件的无损检查： | D24: ○着色探伤PT（体/盖/轮） ○超声波探伤UT（轴） 备注：
C25: 焊缝的无损检查： | D25: ●辅助管路焊缝进行MT或PT 备注：适用时进行RT,验收按合同/API/ASME要求
C26: 备注：所有报告及证书必须填写本合同号及具体零部件名称（如：泵体、泵盖、叶轮、轴等）；
A27: 7 | B27: 供货范围 | C27: ●整 机 ●泵 头 ●底 座 ●驱动机 ●联轴器 ●护罩 ○（所有）配对法兰（○锻 ○铸 ○法兰间密封垫 ○双头螺柱、螺母、平垫） ●地脚螺栓、螺母、垫片(电机垫片为3mm厚不锈钢） 其他供货件具体明细：○安全阀（最小流量阀） ○接线箱 ○测振 ○测温仪表 ○操作柱等详细列出； 其他供货件具体明细补充：全局必供：机械密封及冲洗/冷却系统、供货范围内管路/管件/支撑、电气与仪表进出线防爆密封接头、安装/试车/开车备件及专用工具 条件供货：仅非ASME B16.5买方接口提供配对法兰、垫片及紧固件 按位号供货：PLAN12/22双过滤器、差压变送器及配套安装支架—3100-P-3133A/B、3100-P-3143A/B、3100-P-4112A/B、3100-P-4123A/B、3100-P-4133A/B、3100-P-4134、3100-P-3233A/B、3100-P-3243A/B、3100-P-4212A/B、3100-P-4213A/B、3100-P-4223A/B、3100-P-4233A/B、3100-P-4234 按位号供货：PLAN53B压力测量/报警及蓄能器系统—3100-P-8151AB、3100-P-8171 条件供货：泵包远传仪表＞3个时提供共底座接线箱；≤3个时直拉电缆；现场仪表、固定支架、至接线箱铠装电缆及密封接头按P&ID/位号配置 条件供货：≥75kW脂润滑电动机配置前、后自动注脂器
C28: 随机备件： | D28: 安装、试车、开车备件随设备报价并供货
C29: 两年备件： | D29: 提供两年操作备品备件清单并单独报价
A30: 8 | B30: 随机文件 | C30: ●装箱单 ●合格证 ●说明书 ●实验报告 ●检测报告 ●所有外购件合格证（包括温度表、压力表、阀门等进口件例外） ○项目经理审核 （重点项目） 备注：A未规定固定份数，待买方/内部确认
A31: 9 | B31: 涂漆要求 | C31: ○防腐漆-F（F1-国内 ） | J31: 油漆厂家按项目短名单选取;厂家标准须提交业主和设计批准,否则执行A附录A-2;按A附录A-2涂漆选择一览表执行;依据材质、实际运行温度及保温/保冷状态选择对应油漆体系;按A附录A-2对应体系的涂层道数及最小干膜厚度执行;采用厂家标准须经业主和设计批准;制造厂车间完成全部底漆和面漆的涂装(或按制造厂的涂漆标准);各部件颜色及色号详见《喷漆包装要求》 按买方项目涂漆及颜色规定执行;卖方涂漆规定需提交确认;涂层保护担保不少于5年
A32: 10 | B32: 包装标准 | C32: ○国内 ○国外（是否熏蒸） ○简易（底排+防雨布） | J32: 内包装+外包装箱；插件/插箱锁紧；防尘、防雨、防震，资料防潮；适合陆运、水运/海运或空运；储存防酸碱盐、腐蚀/爆炸性气体、粉尘及雨雪；泵组室外保存≥6个月。具体见《喷漆包装要求》
A33: 11 | B33: 发货方式 | C33: ○用户自提 ○我公司发货
A34: 12 | B34: 运输方式 | C34: ○铁路 ○公路 ○轮渡 ○航空 | J34: 备注：当使用集装箱运输时，一定注意其高度、宽度限制，必须预留装箱尺寸。

Sheet 仪表要求
A3: 计划号 | C3: =IF('选型表'!J2="","",'选型表'!J2) | R3: 此页要求查询涂黄处仪表信息
A4: 仪表用户要求
A5: 序号 | B5: 外购件种类 | C5: 品牌 | D5: 材质（客户有要求时填写） | E5: 螺纹连接/法兰连接（客户有要求时填写） | F5: 接口规格（客户有要求时填写） | G5: 量程（客户有要求时填写） | H5: 仪表类 | Q5: 备注
H6: 就地显示仪表 | L6: 远传仪表
H7: 表盘直径mm | I7: 仪表精度等级 | J7: 双金属温度计（客户有要求时填写） | K7: 万向/径向（客户有要求时填写） | L7: 几线制 | M7: 信号类型 | N7: 防爆/防护等级 | O7: 显示表头 | P7: 报警值/停车值
A8: 1 | B8: 耐震型压力表 | D8: 316SS/全不锈钢 | E8: 螺纹连接 | F8: 1/2"NPT(F) | H8: 100 | I8: 1.6
A9: 2 | B9: 温度表 | D9: 外壳及保护管316SS | E9: 螺纹连接 | F9: M27×2 | H9: 100 | I9: 1.5 | J9: 双金属温度计 | K9: 万向型 | Q9: 温度计与保护套管采用螺纹连接；保护套管与工艺过程采用法兰连接
A10: 3 | B10: PT100 | D10: 测温元件本体保护管≥316SS；外套管≥316且不低于设备/管道材质 | E10: 元件与保护套管螺纹连接；保护套管与工艺过程法兰连接 | L10: 3 | M10: Pt100（电阻信号） | Q10: 过程温度元件优先采用IEC标准Pt100；普通测温元件采用绝缘型铠装芯（铠套外径Φ6mm）；控制/联锁温度信号优先采用现场分体式HART智能温度变送器并带现场显示
A11: 4 | B11: 远传仪表 | D11: 测量元件及接液部件≥316LSS；特殊介质按管道材质等级或更高 | E11: 螺纹连接（标准压力/差压变送器）；特殊介质采用法兰膜片式 | F11: 1/2"NPT(F)（标准压力/差压变送器仪表侧） | G11: 仪表量程为校验量程的2～10倍；差压流量变送器不小于校验量程的4倍；例外需业主批准 | L11: 2 | M11: 4-20mA+HART | N11: Ex ia IIC T4 / IP65 | O11: LED/LCD就地显示 | Q11: 优先采用二线制；4～20mA+HART；如需外供电，优先24VDC
A12: 5、仪表资料要求、认证要求：提供泵组仪表设备及附件规格书、仪表数据表和仪表清单、外形尺寸及安装图、P&ID/报警联锁资料、仪表控制说明书、合格证、说明书、试验/检验报告及电子版随机资料；I/O清单；材料试验证书、标定报告、仪表防护认证和仪表防爆认证；危险区产品提供适用的防爆认证，国内产品提供国家权威机构Ex认证
A13: 6、海拔高度/大气压，环境温度，使用环境：项目环境：建设地点：江苏省南通市通州湾绿色化工拓展区(主体港)；大气压：101.59 kPa(A)；极端最高气温：39.6 ℃；极端最低气温：-10.9 ℃；年平均相对湿度：77.6 % 仪表环境/防护/材料/安装：环境：按多雷雨、空气潮湿、强日照、盐雾的南方海洋性气候设计，并考虑台风和H2S/氨/海风盐雾腐蚀；防护：户外电子仪表最低IP66，露天电子仪表和接线箱配挡雨遮阳罩；材料：露天仪表接线箱采用316不锈钢；安装：接线箱下进线、ISO公制螺纹，安装高度避免雨季积水浸泡，支架考虑台风加固，电子线路板采取防潮和耐腐蚀措施；对象分层：本泵成套仪表按专项Ex ia IIC T4/IP65，现场接线箱按Ex d IIC T4/IP65；其余户外电子仪表执行通用最低IP66

Sheet 辅助系统采购单
A1: 供应商： | K1: 合同号： | S1: 询价/采购申请单号：
A2: 采购单位 | C2: 中石油吉林化工工程有限公司 | K2: 辅助系统询价/采购申请单 P-01.03-P | S2: 所属地区 | U2: 江苏省南通市通州湾绿色化工拓展区(主体港) | W2: 填表人 | AB2: 此页要求查询涂黄处密封辅助系统信息
A3: 项目名称/ 装置名称 | C3: 蓝海新材料有限公司高端聚烯烃新材料项目10万吨/年POE装置 | S3: 联 系 人 | W3: 日 期
A4: 由技术/工程部填写 | U4: 由供应商填写（按先后顺序以/分割） | Z4: 由供应填写
A5: 分号 | B5: 设备位号 | C5: 泵 型 号 | E5: 泵台数 | F5: 介质名称 | G5: =IF('选型表'!G6="","",'选型表'!G6) -> 比重 | H5: 温度(℃) | I5: =IF('选型表'!K6="","",'选型表'!K6) -> 压力(MPaG) | K5: 密封冲洗方案 (API610) | L5: 冷却 /保温方案 | M5: 泵过流部件材质 | N5: 密封腔压力(MpaG)/泵中心高（mm） | O5: 辅助系统供货要求 | U5: 辅助系统 | Z5: 实际交货日期 | AA5: 发票情况
I7: 入口 | J7: 出口 | O7: 热虹吸罐(R/L型)/蓄能器 | P7: 测量 元件 | Q7: 压力报警 | R7: 液位报警 | S7: 换热器 | T7: 悬液分离器/过滤器 | U7: 型号 | V7: 材质 | W7: 单价 | X7: 总价 | Y7: 合计
A8: =IF('选型表'!A8="","",'选型表'!A8) -> 001 | B8: =IF('选型表'!C8="","",'选型表'!C8) -> 3100-P-3133A/B | E8: =IF('选型表'!E8="","",'选型表'!E8) -> 2 | F8: =IF('选型表'!F8="","",'选型表'!F8) -> 低聚物、己烷、辛烯 | G8: =IF('选型表'!G8="","",'选型表'!G8) -> 0.621 | H8: =IF('选型表'!H8="","",'选型表'!H8) -> 119.4 | I8: =IF('选型表'!K8="","",'选型表'!K8) -> 0.09 | J8: =IF('选型表'!L8="","",'选型表'!L8) -> 0.281 | K8: =IF('选型表'!Z8="","",'选型表'!Z8) -> PLAN22+52 | L8: =IF('选型表'!AA8="","",'选型表'!AA8) -> 轴承风冷；保温/伴热/保冷按工程规定 | M8: 泵体：CS；叶轮：12%Cr | N8: =IFERROR(IF(OR(I8="",J8=""),"",CEILING(I8+(J8-I8)/5,0.01)&"/300"),"") | O8: R/L型储液罐 | P8: √ | Q8: √ | R8: √ | S8: √ | T8: √
A9: =IF('选型表'!A9="","",'选型表'!A9) -> 002 | B9: =IF('选型表'!C9="","",'选型表'!C9) -> 3100-P-3143A/B | E9: =IF('选型表'!E9="","",'选型表'!E9) -> 2 | F9: =IF('选型表'!F9="","",'选型表'!F9) -> 己烷、辛烯、微量聚合物 | G9: =IF('选型表'!G9="","",'选型表'!G9) -> 0.60897 | H9: =IF('选型表'!H9="","",'选型表'!H9) -> 101.5 | I9: =IF('选型表'!K9="","",'选型表'!K9) -> 0.17 | J9: =IF('选型表'!L9="","",'选型表'!L9) -> 0.38 | K9: =IF('选型表'!Z9="","",'选型表'!Z9) -> PLAN22+52 | L9: =IF('选型表'!AA9="","",'选型表'!AA9) -> 轴承风冷；保温/伴热/保冷按工程规定 | M9: 泵体：CS；叶轮：12%Cr | N9: =IFERROR(IF(OR(I9="",J9=""),"",CEILING(I9+(J9-I9)/5,0.01)&"/300"),"") | O9: R/L型储液罐 | P9: √ | Q9: √ | R9: √ | S9: √ | T9: √
A10: =IF('选型表'!A10="","",'选型表'!A10) -> 003 | B10: =IF('选型表'!C10="","",'选型表'!C10) -> 3100-P-4112A/B | E10: =IF('选型表'!E10="","",'选型表'!E10) -> 2 | F10: =IF('选型表'!F10="","",'选型表'!F10) -> 辛烯-1、异辛烯、低聚物 | G10: =IF('选型表'!G10="","",'选型表'!G10) -> 0.61 | H10: =IF('选型表'!H10="","",'选型表'!H10) -> 141.8 | I10: =IF('选型表'!K10="","",'选型表'!K10) -> 0.098 | J10: =IF('选型表'!L10="","",'选型表'!L10) -> 0.487 | K10: =IF('选型表'!Z10="","",'选型表'!Z10) -> PLAN22+52 | L10: =IF('选型表'!AA10="","",'选型表'!AA10) -> 轴承风冷；保温/伴热/保冷按工程规定 | M10: 泵体：CS；叶轮：12%Cr | N10: =IFERROR(IF(OR(I10="",J10=""),"",CEILING(I10+(J10-I10)/5,0.01)&"/300"),"") | O10: R/L型储液罐 | P10: √ | Q10: √ | R10: √ | S10: √ | T10: √
A11: =IF('选型表'!A11="","",'选型表'!A11) -> 004 | B11: =IF('选型表'!C11="","",'选型表'!C11) -> 3100-P-4123A/B | E11: =IF('选型表'!E11="","",'选型表'!E11) -> 2 | F11: =IF('选型表'!F11="","",'选型表'!F11) -> 辛烯-1、辛烯-2、低聚物 | G11: =IF('选型表'!G11="","",'选型表'!G11) -> 0.651 | H11: =IF('选型表'!H11="","",'选型表'!H11) -> 145.4 | I11: =IF('选型表'!K11="","",'选型表'!K11) -> 0.1 | J11: =IF('选型表'!L11="","",'选型表'!L11) -> 0.195 | K11: =IF('选型表'!Z11="","",'选型表'!Z11) -> PLAN22+52 | L11: =IF('选型表'!AA11="","",'选型表'!AA11) -> 轴承风冷；保温/伴热/保冷按工程规定 | M11: 泵体：CS；叶轮：12%Cr | N11: =IFERROR(IF(OR(I11="",J11=""),"",CEILING(I11+(J11-I11)/5,0.01)&"/300"),"") | O11: R/L型储液罐 | P11: √ | Q11: √ | R11: √ | S11: √ | T11: √
A12: =IF('选型表'!A12="","",'选型表'!A12) -> 005 | B12: =IF('选型表'!C12="","",'选型表'!C12) -> 3100-P-4133A/B | E12: =IF('选型表'!E12="","",'选型表'!E12) -> 2 | F12: =IF('选型表'!F12="","",'选型表'!F12) -> 己烷、辛烯-1、辛烯-2、低聚物 | G12: =IF('选型表'!G12="","",'选型表'!G12) -> 0.671 | H12: =IF('选型表'!H12="","",'选型表'!H12) -> 最低40/最高60 | I12: =IF('选型表'!K12="","",'选型表'!K12) -> 0.202 | J12: =IF('选型表'!L12="","",'选型表'!L12) -> 0.453 | K12: =IF('选型表'!Z12="","",'选型表'!Z12) -> PLAN12+52 | L12: =IF('选型表'!AA12="","",'选型表'!AA12) -> 轴承风冷；保温/伴热/保冷按工程规定 | M12: 泵体：CS；叶轮：12%Cr | N12: =IFERROR(IF(OR(I12="",J12=""),"",CEILING(I12+(J12-I12)/5,0.01)&"/300"),"") | O12: R/L型储液罐 | P12: √ | Q12: √ | R12: √ | S12: √ | T12: √
A13: =IF('选型表'!A13="","",'选型表'!A13) -> 006 | B13: =IF('选型表'!C13="","",'选型表'!C13) -> 3100-P-4134 | E13: =IF('选型表'!E13="","",'选型表'!E13) -> 1 | F13: =IF('选型表'!F13="","",'选型表'!F13) -> 异辛烯、低聚物14.1%wt | G13: =IF('选型表'!G13="","",'选型表'!G13) -> 0.71 | H13: =IF('选型表'!H13="","",'选型表'!H13) -> 80 | I13: =IF('选型表'!K13="","",'选型表'!K13) -> 0.204 | J13: =IF('选型表'!L13="","",'选型表'!L13) -> 0.83 | K13: =IF('选型表'!Z13="","",'选型表'!Z13) -> PLAN12+52 | L13: =IF('选型表'!AA13="","",'选型表'!AA13) -> 轴承风冷；保温/伴热/保冷按工程规定 | M13: 泵体：CS；叶轮：12%Cr | N13: =IFERROR(IF(OR(I13="",J13=""),"",CEILING(I13+(J13-I13)/5,0.01)&"/300"),"") | O13: R/L型储液罐 | P13: √ | Q13: √ | R13: √ | S13: √ | T13: √
A14: =IF('选型表'!A14="","",'选型表'!A14) -> 007 | B14: =IF('选型表'!C14="","",'选型表'!C14) -> 3100-P-8121A/B | E14: =IF('选型表'!E14="","",'选型表'!E14) -> 2 | F14: =IF('选型表'!F14="","",'选型表'!F14) -> 蒸汽凝液 | G14: =IF('选型表'!G14="","",'选型表'!G14) -> 0.957 | H14: =IF('选型表'!H14="","",'选型表'!H14) -> 101 | I14: =IF('选型表'!K14="","",'选型表'!K14) -> 0.06 | J14: =IF('选型表'!L14="","",'选型表'!L14) -> 0.9 | K14: =IF('选型表'!Z14="","",'选型表'!Z14) -> PLAN23 | L14: =IF('选型表'!AA14="","",'选型表'!AA14) -> 轴承风冷；保温/伴热/保冷按工程规定 | M14: 泵体：12%Cr；叶轮：12%Cr | N14: =IFERROR(IF(OR(I14="",J14=""),"",CEILING(I14+(J14-I14)/5,0.01)&"/300"),"") | P14: √ | S14: √
A15: =IF('选型表'!A15="","",'选型表'!A15) -> 008 | B15: =IF('选型表'!C15="","",'选型表'!C15) -> 3100-P-8151AB | E15: =IF('选型表'!E15="","",'选型表'!E15) -> 2 | F15: =IF('选型表'!F15="","",'选型表'!F15) -> 火炬凝液 | G15: =IF('选型表'!G15="","",'选型表'!G15) -> 0.642~1 | H15: =IF('选型表'!H15="","",'选型表'!H15) -> 160 | I15: =IF('选型表'!K15="","",'选型表'!K15) -> 0.15 | J15: =IF('选型表'!L15="","",'选型表'!L15) -> 1.1 | K15: =IF('选型表'!Z15="","",'选型表'!Z15) -> PLAN23+53B | L15: =IF('选型表'!AA15="","",'选型表'!AA15) -> 轴承风冷；保温/伴热/保冷按工程规定 | M15: 泵体：CS；叶轮：12%Cr | N15: =IFERROR(IF(OR(I15="",J15=""),"",CEILING(I15+(J15-I15)/5,0.01)&"/300"),"") | O15: 蓄能器 | P15: √ | Q15: √ | S15: √
A16: =IF('选型表'!A16="","",'选型表'!A16) -> 009 | B16: =IF('选型表'!C16="","",'选型表'!C16) -> 3100-P-8171 | E16: =IF('选型表'!E16="","",'选型表'!E16) -> 1 | F16: =IF('选型表'!F16="","",'选型表'!F16) -> 废气冷凝液 | G16: =IF('选型表'!G16="","",'选型表'!G16) -> 0.7 | H16: =IF('选型表'!H16="","",'选型表'!H16) -> -18 | I16: =IF('选型表'!K16="","",'选型表'!K16) -> 0.01 | J16: =IF('选型表'!L16="","",'选型表'!L16) -> 0.52 | K16: =IF('选型表'!Z16="","",'选型表'!Z16) -> PLAN11+53B | L16: =IF('选型表'!AA16="","",'选型表'!AA16) -> 轴承风冷；保温/伴热/保冷按工程规定 | M16: 泵体：CS；叶轮：12%Cr | N16: =IFERROR(IF(OR(I16="",J16=""),"",CEILING(I16+(J16-I16)/5,0.01)&"/300"),"") | O16: 蓄能器 | P16: √ | Q16: √ | S16: √
A17: =IF('选型表'!A17="","",'选型表'!A17) -> 010 | B17: =IF('选型表'!C17="","",'选型表'!C17) -> 3100-P-3233A/B | E17: =IF('选型表'!E17="","",'选型表'!E17) -> 2 | F17: =IF('选型表'!F17="","",'选型表'!F17) -> 低聚物、己烷、辛烯 | G17: =IF('选型表'!G17="","",'选型表'!G17) -> 0.621 | H17: =IF('选型表'!H17="","",'选型表'!H17) -> 119.4 | I17: =IF('选型表'!K17="","",'选型表'!K17) -> 0.09 | J17: =IF('选型表'!L17="","",'选型表'!L17) -> 0.281 | K17: =IF('选型表'!Z17="","",'选型表'!Z17) -> PLAN22+52 | L17: =IF('选型表'!AA17="","",'选型表'!AA17) -> 轴承风冷；保温/伴热/保冷按工程规定 | M17: 泵体：CS；叶轮：12%Cr | N17: =IFERROR(IF(OR(I17="",J17=""),"",CEILING(I17+(J17-I17)/5,0.01)&"/300"),"") | O17: R/L型储液罐 | P17: √ | Q17: √ | R17: √ | S17: √ | T17: √
A18: =IF('选型表'!A18="","",'选型表'!A18) -> 011 | B18: =IF('选型表'!C18="","",'选型表'!C18) -> 3100-P-3243A/B | E18: =IF('选型表'!E18="","",'选型表'!E18) -> 2 | F18: =IF('选型表'!F18="","",'选型表'!F18) -> 工况1：己烷、辛烯、微量聚合物 工况2：己烷、丁烯(微量) | G18: =IF('选型表'!G18="","",'选型表'!G18) -> 工况1：0.60897 工况2：0.59224 | H18: =IF('选型表'!H18="","",'选型表'!H18) -> 工况1：101.5 工况2：89.9 | I18: =IF('选型表'!K18="","",'选型表'!K18) -> 工况1：0.17 工况2：0.17 | J18: =IF('选型表'!L18="","",'选型表'!L18) -> 工况1：0.38 工况2：0.52 | K18: =IF('选型表'!Z18="","",'选型表'!Z18) -> 工况1：PLAN22+52 工况2：PLAN22+52 | L18: =IF('选型表'!AA18="","",'选型表'!AA18) -> 工况1：轴承风冷；保温/伴热/保冷按工程规定 工况2：轴承风冷；保温/伴热/保冷按工程规定 | M18: 泵体：CS；叶轮：12%Cr | N18: =IFERROR(IF(OR(I18="",J18=""),"",CEILING(I18+(J18-I18)/5,0.01)&"/300"),"") | O18: R/L型储液罐 | P18: √ | Q18: √ | R18: √ | S18: √ | T18: √
A19: =IF('选型表'!A19="","",'选型表'!A19) -> 012 | B19: =IF('选型表'!C19="","",'选型表'!C19) -> 3100-P-4212A/B | E19: =IF('选型表'!E19="","",'选型表'!E19) -> 2 | F19: =IF('选型表'!F19="","",'选型表'!F19) -> 辛烯-1、异辛烯、低聚物 | G19: =IF('选型表'!G19="","",'选型表'!G19) -> 0.61 | H19: =IF('选型表'!H19="","",'选型表'!H19) -> 141.8 | I19: =IF('选型表'!K19="","",'选型表'!K19) -> 0.098 | J19: =IF('选型表'!L19="","",'选型表'!L19) -> 0.473 | K19: =IF('选型表'!Z19="","",'选型表'!Z19) -> PLAN22+52 | L19: =IF('选型表'!AA19="","",'选型表'!AA19) -> 轴承风冷；保温/伴热/保冷按工程规定 | M19: 泵体：CS；叶轮：12%Cr | N19: =IFERROR(IF(OR(I19="",J19=""),"",CEILING(I19+(J19-I19)/5,0.01)&"/300"),"") | O19: R/L型储液罐 | P19: √ | Q19: √ | R19: √ | S19: √ | T19: √
A20: =IF('选型表'!A20="","",'选型表'!A20) -> 013 | B20: =IF('选型表'!C20="","",'选型表'!C20) -> 3100-P-4213A/B | E20: =IF('选型表'!E20="","",'选型表'!E20) -> 2 | F20: =IF('选型表'!F20="","",'选型表'!F20) -> 低聚物、己烷 | G20: =IF('选型表'!G20="","",'选型表'!G20) -> 0.815 | H20: =IF('选型表'!H20="","",'选型表'!H20) -> 110.8 | I20: =IF('选型表'!K20="","",'选型表'!K20) -> 0.261 | J20: =IF('选型表'!L20="","",'选型表'!L20) -> 0.5 | K20: =IF('选型表'!Z20="","",'选型表'!Z20) -> PLAN22+52 | L20: =IF('选型表'!AA20="","",'选型表'!AA20) -> 轴承风冷；保温/伴热/保冷按工程规定 | M20: 泵体：CS；叶轮：12%Cr | N20: =IFERROR(IF(OR(I20="",J20=""),"",CEILING(I20+(J20-I20)/5,0.01)&"/300"),"") | O20: R/L型储液罐 | P20: √ | Q20: √ | R20: √ | S20: √ | T20: √
A21: =IF('选型表'!A21="","",'选型表'!A21) -> 014 | B21: =IF('选型表'!C21="","",'选型表'!C21) -> 3100-P-4223A/B | E21: =IF('选型表'!E21="","",'选型表'!E21) -> 2 | F21: =IF('选型表'!F21="","",'选型表'!F21) -> 辛烯-1、辛烯-2、低聚物 | G21: =IF('选型表'!G21="","",'选型表'!G21) -> 0.651 | H21: =IF('选型表'!H21="","",'选型表'!H21) -> 145.4 | I21: =IF('选型表'!K21="","",'选型表'!K21) -> 0.1 | J21: =IF('选型表'!L21="","",'选型表'!L21) -> 0.195 | K21: =IF('选型表'!Z21="","",'选型表'!Z21) -> PLAN22+52 | L21: =IF('选型表'!AA21="","",'选型表'!AA21) -> 轴承风冷；保温/伴热/保冷按工程规定 | M21: 泵体：CS；叶轮：12%Cr | N21: =IFERROR(IF(OR(I21="",J21=""),"",CEILING(I21+(J21-I21)/5,0.01)&"/300"),"") | O21: R/L型储液罐 | P21: √ | Q21: √ | R21: √ | S21: √ | T21: √
A22: =IF('选型表'!A22="","",'选型表'!A22) -> 015 | B22: =IF('选型表'!C22="","",'选型表'!C22) -> 3100-P-4233A/B | E22: =IF('选型表'!E22="","",'选型表'!E22) -> 2 | F22: =IF('选型表'!F22="","",'选型表'!F22) -> 工况1：己烷、辛烯-1、辛烯-2、低聚物 工况2：己烷、低聚物 | G22: =IF('选型表'!G22="","",'选型表'!G22) -> 工况1：0.671 工况2：0.597 | H22: =IF('选型表'!H22="","",'选型表'!H22) -> 工况1：最低40/最高60 工况2：最低40/最高60 | I22: =IF('选型表'!K22="","",'选型表'!K22) -> 工况1：0.202 工况2：0.2 | J22: =IF('选型表'!L22="","",'选型表'!L22) -> 工况1：0.453 工况2：0.551 | K22: =IF('选型表'!Z22="","",'选型表'!Z22) -> 工况1：PLAN12+52 工况2：PLAN12+52 | L22: =IF('选型表'!AA22="","",'选型表'!AA22) -> 工况1：轴承风冷；保温/伴热/保冷按工程规定 工况2：轴承风冷；保温/伴热/保冷按工程规定 | M22: 泵体：CS；叶轮：12%Cr | N22: =IFERROR(IF(OR(I22="",J22=""),"",CEILING(I22+(J22-I22)/5,0.01)&"/300"),"") | O22: R/L型储液罐 | P22: √ | Q22: √ | R22: √ | S22: √ | T22: √
A23: =IF('选型表'!A23="","",'选型表'!A23) -> 016 | B23: =IF('选型表'!C23="","",'选型表'!C23) -> 3100-P-4234 | E23: =IF('选型表'!E23="","",'选型表'!E23) -> 1 | F23: =IF('选型表'!F23="","",'选型表'!F23) -> 工况1：异辛烯、低聚物 工况2：低聚物 | G23: =IF('选型表'!G23="","",'选型表'!G23) -> 工况1：0.71 工况2：0.841 | H23: =IF('选型表'!H23="","",'选型表'!H23) -> 工况1：80 工况2：80 | I23: =IF('选型表'!K23="","",'选型表'!K23) -> 工况1：0.204 工况2：0.207 | J23: =IF('选型表'!L23="","",'选型表'!L23) -> 工况1：0.83 工况2：0.949 | K23: =IF('选型表'!Z23="","",'选型表'!Z23) -> 工况1：PLAN12+52 工况2：PLAN12+52 | L23: =IF('选型表'!AA23="","",'选型表'!AA23) -> 工况1：轴承风冷；保温/伴热/保冷按工程规定 工况2：轴承风冷；保温/伴热/保冷按工程规定 | M23: 泵体：CS；叶轮：12%Cr | N23: =IFERROR(IF(OR(I23="",J23=""),"",CEILING(I23+(J23-I23)/5,0.01)&"/300"),"") | O23: R/L型储液罐 | P23: √ | Q23: √ | R23: √ | S23: √ | T23: √
A24: =IF('选型表'!A24="","",'选型表'!A24) -> 017 | B24: =IF('选型表'!C24="","",'选型表'!C24) -> 3100-P-8221A/B | E24: =IF('选型表'!E24="","",'选型表'!E24) -> 2 | F24: =IF('选型表'!F24="","",'选型表'!F24) -> 蒸汽凝液 | G24: =IF('选型表'!G24="","",'选型表'!G24) -> 0.957 | H24: =IF('选型表'!H24="","",'选型表'!H24) -> 101 | I24: =IF('选型表'!K24="","",'选型表'!K24) -> 0.06 | J24: =IF('选型表'!L24="","",'选型表'!L24) -> 0.9 | K24: =IF('选型表'!Z24="","",'选型表'!Z24) -> PLAN23 | L24: =IF('选型表'!AA24="","",'选型表'!AA24) -> 轴承风冷；保温/伴热/保冷按工程规定 | M24: 泵体：12%Cr；叶轮：12%Cr | N24: =IFERROR(IF(OR(I24="",J24=""),"",CEILING(I24+(J24-I24)/5,0.01)&"/300"),"") | P24: √ | S24: √
A25: =IF('选型表'!A25="","",'选型表'!A25) -> 018 | B25: =IF('选型表'!C25="","",'选型表'!C25) -> 3100-P-8301A/B | E25: =IF('选型表'!E25="","",'选型表'!E25) -> 2 | F25: =IF('选型表'!F25="","",'选型表'!F25) -> 乙二醇溶液 | G25: =IF('选型表'!G25="","",'选型表'!G25) -> 1.07379 | H25: =IF('选型表'!H25="","",'选型表'!H25) -> -20 | I25: =IF('选型表'!K25="","",'选型表'!K25) -> 0.02 | J25: =IF('选型表'!L25="","",'选型表'!L25) -> 0.85 | K25: =IF('选型表'!Z25="","",'选型表'!Z25) -> PLAN11 | L25: =IF('选型表'!AA25="","",'选型表'!AA25) -> 轴承风冷；保温/伴热/保冷按工程规定 | M25: 泵体：CS；叶轮：12%Cr | N25: =IFERROR(IF(OR(I25="",J25=""),"",CEILING(I25+(J25-I25)/5,0.01)&"/300"),"")
A26: =IF('选型表'!A26="","",'选型表'!A26) -> 019 | B26: =IF('选型表'!C26="","",'选型表'!C26) -> 3100-P-8302A/B | E26: =IF('选型表'!E26="","",'选型表'!E26) -> 2 | F26: =IF('选型表'!F26="","",'选型表'!F26) -> 工况1：乙二醇溶液 工况2：乙二醇溶液 | G26: =IF('选型表'!G26="","",'选型表'!G26) -> 工况1：1.0739 工况2：1.0739 | H26: =IF('选型表'!H26="","",'选型表'!H26) -> 工况1：-20 工况2：-20 | I26: =IF('选型表'!K26="","",'选型表'!K26) -> 工况1：0.02 工况2：0.02 | J26: =IF('选型表'!L26="","",'选型表'!L26) -> 工况1：0.85 工况2：0.85 | K26: =IF('选型表'!Z26="","",'选型表'!Z26) -> 工况1：PLAN11 工况2：PLAN11 | L26: =IF('选型表'!AA26="","",'选型表'!AA26) -> 工况1：轴承风冷；保温/伴热/保冷按工程规定 工况2：轴承风冷；保温/伴热/保冷按工程规定 | M26: 泵体：CS；叶轮：12%Cr | N26: =IFERROR(IF(OR(I26="",J26=""),"",CEILING(I26+(J26-I26)/5,0.01)&"/300"),"")
A27: =IF('选型表'!A27="","",'选型表'!A27) -> 020 | B27: =IF('选型表'!C27="","",'选型表'!C27) -> 3100-P-8303A/B/C | E27: =IF('选型表'!E27="","",'选型表'!E27) -> 3 | F27: =IF('选型表'!F27="","",'选型表'!F27) -> 冷水 | G27: =IF('选型表'!G27="","",'选型表'!G27) -> 0.998 | H27: =IF('选型表'!H27="","",'选型表'!H27) -> 12 | I27: =IF('选型表'!K27="","",'选型表'!K27) -> 0.02 | J27: =IF('选型表'!L27="","",'选型表'!L27) -> 0.83 | K27: =IF('选型表'!Z27="","",'选型表'!Z27) -> PLAN11 | L27: =IF('选型表'!AA27="","",'选型表'!AA27) -> 轴承风冷；保温/伴热/保冷按工程规定 | M27: 泵体：CS；叶轮：CS | N27: =IFERROR(IF(OR(I27="",J27=""),"",CEILING(I27+(J27-I27)/5,0.01)&"/300"),"")
D28: 总计 | E28: =SUM(E8:E27) -> 38
A30: 此表（及其附件）经供需双方签字盖章确认后与合同具有同等法律效力，可以不再另行签订合同。 | I30: 交货时间： | N30: 其它约定事项： 1、公用工程条件：循环冷却水给水：最小0.45MPaG/25℃；正常0.5MPaG/30℃；最大0.6MPaG/33℃；设计0.8MPaG/65℃ 仪表空气：最小0.5MPaG/AMB；正常0.6MPaG/AMB；最大0.8MPaG/AMB；设计1.0MPaG/65℃ 低压蒸汽：最小0.35MPaG/饱和；正常0.45MPaG/220℃；最大0.6MPaG/270℃；设计0.8MPaG/290℃ 2、配套法兰标准及压力等级：ASME B16.5；Class 150/300/600采用RF，Class 900及以上采用RJ 3、远传变送器：智能变送器，4～20mA+HART，优先二线制；如需外供电，优先24VDC；带LCD现场显示；危险区优先本安型 4、就地仪表：全不锈钢耐振压力表；表体/外壳/测量元件≥316SS；表盘Φ100mm（高位/远距离Φ150mm）；精度±1.6%；仪表侧1/2"NPT(F)；万向型双金属温度计，316SS外壳及保护管，M27×2，精度1.5级，表盘100mm（远距离150mm），配整体钻孔锥形316SS保护套管；温度计与保护套管采用螺纹连接，保护套管与工艺过程采用法兰连接 5、机械密封辅助系统的材质和配套要求：密封冲洗系统采用304SS；冷却水系统采用碳钢；PLAN22：提供双过滤器及差压变送器，过滤器可在线切换 PLAN52：储液罐设高/低液位报警；顶部排放按需配限流孔板和单向阀，并防止高温易燃介质外泄 PLAN52/53：储液罐按轴径选12L（≤60mm）或20L（＞60mm），材质304或316，并设手动补液泵 报警：PLAN52配压力及高/低液位报警；PLAN53B配压力报警 6、资料的要求：装配/剖面/安装图、辅助设备图、配管图、润滑系统资料、电机接线箱资料、组装拆卸程序、材料与检验试验报告、安装操作维修手册、备件及专用工具表、仪表控制说明书、装箱单、产品合格证/质量证明书/竣工图；同时提供电子版随机资料；A未规定固定份数，待买方/内部确认；国内采购资料中文；需外商审核的数据表、性能曲线、流程图等中英文；国外采购资料可中文或英文，安全注意事项中英文
A32: 需方代表： | I32: 供方代表：
A33: 生产部： 采购部： 质量： 技术：

Sheet 密封采购单
A1: 供应商： | I1: 合同号： | K1: =IF('选型表'!E2="","",'选型表'!E2) | M1: 询价/采购申请单号： | AD1: 此页要求查询涂黄处机械密封信息
A2: 采购单位 | C2: =IF('选型表'!D3="","",'选型表'!D3) -> 中石油吉林化工工程有限公司 | L2: 密封询价/采购申请单 | V2: 所属地区 | W2: =IF('选型表'!Y3="","",'选型表'!Y3) -> 江苏省南通市通州湾绿色化工拓展区(主体港) | Y2: 填 表 人 | AB2: =IF('选型表'!AC3="","",'选型表'!AC3)
A3: 项目名称/ 装置名称 | C3: =IF('选型表'!D5="","",'选型表'!D5) -> 蓝海新材料有限公司高端聚烯烃新材料项目10万吨/年POE装置 | V3: 联 系 人 | W3: =IF('选型表'!Y5="","",'选型表'!Y5) | Y3: 日 期 | AB3: =IF('选型表'!AC5="","",'选型表'!AC5)
A4: 由技术/工程部填写 | W4: 由密封供应商填写 | AB4: 供应填写
A5: 分号 | B5: 设备位号 | C5: 泵 型 号 | E5: 泵台数 | F5: 介质 | O5: 密封参考 型号（轴承架号或轴径） | P5: 密封 编码 (API610) | Q5: 是否 集装 | R5: 过流部件材质 | S5: 密封冲洗 方案 PLAN | T5: 冷却 /保温方案 | U5: 甲方编码 | V5: 备 件 | W5: 机械密封 | AB5: 实际到货日期 | AC5: 发票 情况
F6: 介质名称 | G6: =IF('选型表'!G6="","",'选型表'!G6) -> 比重 | H6: 温度 ℃ | I6: =IF('选型表'!K6="","",'选型表'!K6) -> 压力(MPaG) | K6: =IF('选型表'!J6="","",'选型表'!J6) -> 粘度 (mm2/s) | L6: =IF('选型表'!I6="","",'选型表'!I6) -> 汽化 压力 (MPaA) | M6: =IF('选型表'!T6="","",'选型表'!T6) -> 额定 转速 rpm | N6: 颗粒 情况 | W6: 型号 | X6: 密封编码 （API610） | Y6: 单价 | AA6: 总价
I7: 入口 | J7: 出口
A8: =IF('选型表'!A8="","",'选型表'!A8) -> 001 | B8: =IF('选型表'!C8="","",'选型表'!C8) -> 3100-P-3133A/B | E8: =IF('选型表'!E8="","",'选型表'!E8) -> 2 | F8: =IF('选型表'!F8="","",'选型表'!F8) -> 低聚物、己烷、辛烯 | G8: =IF('选型表'!G8="","",'选型表'!G8) -> 0.621 | H8: =IF('选型表'!H8="","",'选型表'!H8) -> 119.4 | I8: =IF('选型表'!K8="","",'选型表'!K8) -> 0.09 | J8: =IF('选型表'!L8="","",'选型表'!L8) -> 0.281 | K8: =IF('选型表'!J8="","",'选型表'!J8) -> 0.305153 | L8: =IF('选型表'!I8="","",'选型表'!I8) -> 0.155 | M8: =IF('选型表'!T8="","",'选型表'!T8) | Q8: 集装 | R8: =IF('选型表'!Y8="","",'选型表'!Y8) | S8: =IF('选型表'!Z8="","",'选型表'!Z8) -> PLAN22+52 | T8: =IF('选型表'!AA8="","",'选型表'!AA8) -> 轴承风冷；保温/伴热/保冷按工程规定
A9: =IF('选型表'!A9="","",'选型表'!A9) -> 002 | B9: =IF('选型表'!C9="","",'选型表'!C9) -> 3100-P-3143A/B | E9: =IF('选型表'!E9="","",'选型表'!E9) -> 2 | F9: =IF('选型表'!F9="","",'选型表'!F9) -> 己烷、辛烯、微量聚合物 | G9: =IF('选型表'!G9="","",'选型表'!G9) -> 0.60897 | H9: =IF('选型表'!H9="","",'选型表'!H9) -> 101.5 | I9: =IF('选型表'!K9="","",'选型表'!K9) -> 0.17 | J9: =IF('选型表'!L9="","",'选型表'!L9) -> 0.38 | K9: =IF('选型表'!J9="","",'选型表'!J9) -> 0.312002 | L9: =IF('选型表'!I9="","",'选型表'!I9) -> 0.2 | M9: =IF('选型表'!T9="","",'选型表'!T9) | Q9: 集装 | R9: =IF('选型表'!Y9="","",'选型表'!Y9) | S9: =IF('选型表'!Z9="","",'选型表'!Z9) -> PLAN22+52 | T9: =IF('选型表'!AA9="","",'选型表'!AA9) -> 轴承风冷；保温/伴热/保冷按工程规定
A10: =IF('选型表'!A10="","",'选型表'!A10) -> 003 | B10: =IF('选型表'!C10="","",'选型表'!C10) -> 3100-P-4112A/B | E10: =IF('选型表'!E10="","",'选型表'!E10) -> 2 | F10: =IF('选型表'!F10="","",'选型表'!F10) -> 辛烯-1、异辛烯、低聚物 | G10: =IF('选型表'!G10="","",'选型表'!G10) -> 0.61 | H10: =IF('选型表'!H10="","",'选型表'!H10) -> 141.8 | I10: =IF('选型表'!K10="","",'选型表'!K10) -> 0.098 | J10: =IF('选型表'!L10="","",'选型表'!L10) -> 0.487 | K10: =IF('选型表'!J10="","",'选型表'!J10) -> 0.236885 | L10: =IF('选型表'!I10="","",'选型表'!I10) -> 0.17 | M10: =IF('选型表'!T10="","",'选型表'!T10) | Q10: 集装 | R10: =IF('选型表'!Y10="","",'选型表'!Y10) | S10: =IF('选型表'!Z10="","",'选型表'!Z10) -> PLAN22+52 | T10: =IF('选型表'!AA10="","",'选型表'!AA10) -> 轴承风冷；保温/伴热/保冷按工程规定
A11: =IF('选型表'!A11="","",'选型表'!A11) -> 004 | B11: =IF('选型表'!C11="","",'选型表'!C11) -> 3100-P-4123A/B | E11: =IF('选型表'!E11="","",'选型表'!E11) -> 2 | F11: =IF('选型表'!F11="","",'选型表'!F11) -> 辛烯-1、辛烯-2、低聚物 | G11: =IF('选型表'!G11="","",'选型表'!G11) -> 0.651 | H11: =IF('选型表'!H11="","",'选型表'!H11) -> 145.4 | I11: =IF('选型表'!K11="","",'选型表'!K11) -> 0.1 | J11: =IF('选型表'!L11="","",'选型表'!L11) -> 0.195 | K11: =IF('选型表'!J11="","",'选型表'!J11) -> 0.379416 | L11: =IF('选型表'!I11="","",'选型表'!I11) -> 0.17 | M11: =IF('选型表'!T11="","",'选型表'!T11) | Q11: 集装 | R11: =IF('选型表'!Y11="","",'选型表'!Y11) | S11: =IF('选型表'!Z11="","",'选型表'!Z11) -> PLAN22+52 | T11: =IF('选型表'!AA11="","",'选型表'!AA11) -> 轴承风冷；保温/伴热/保冷按工程规定
A12: =IF('选型表'!A12="","",'选型表'!A12) -> 005 | B12: =IF('选型表'!C12="","",'选型表'!C12) -> 3100-P-4133A/B | E12: =IF('选型表'!E12="","",'选型表'!E12) -> 2 | F12: =IF('选型表'!F12="","",'选型表'!F12) -> 己烷、辛烯-1、辛烯-2、低聚物 | G12: =IF('选型表'!G12="","",'选型表'!G12) -> 0.671 | H12: =IF('选型表'!H12="","",'选型表'!H12) -> 最低40/最高60 | I12: =IF('选型表'!K12="","",'选型表'!K12) -> 0.202 | J12: =IF('选型表'!L12="","",'选型表'!L12) -> 0.453 | K12: =IF('选型表'!J12="","",'选型表'!J12) -> 0.462891 | L12: =IF('选型表'!I12="","",'选型表'!I12) -> 0.032 | M12: =IF('选型表'!T12="","",'选型表'!T12) | Q12: 集装 | R12: =IF('选型表'!Y12="","",'选型表'!Y12) | S12: =IF('选型表'!Z12="","",'选型表'!Z12) -> PLAN12+52 | T12: =IF('选型表'!AA12="","",'选型表'!AA12) -> 轴承风冷；保温/伴热/保冷按工程规定
A13: =IF('选型表'!A13="","",'选型表'!A13) -> 006 | B13: =IF('选型表'!C13="","",'选型表'!C13) -> 3100-P-4134 | E13: =IF('选型表'!E13="","",'选型表'!E13) -> 1 | F13: =IF('选型表'!F13="","",'选型表'!F13) -> 异辛烯、低聚物14.1%wt | G13: =IF('选型表'!G13="","",'选型表'!G13) -> 0.71 | H13: =IF('选型表'!H13="","",'选型表'!H13) -> 80 | I13: =IF('选型表'!K13="","",'选型表'!K13) -> 0.204 | J13: =IF('选型表'!L13="","",'选型表'!L13) -> 0.83 | K13: =IF('选型表'!J13="","",'选型表'!J13) -> 0.665211 | L13: =IF('选型表'!I13="","",'选型表'!I13) -> 0.005 | M13: =IF('选型表'!T13="","",'选型表'!T13) | Q13: 集装 | R13: =IF('选型表'!Y13="","",'选型表'!Y13) | S13: =IF('选型表'!Z13="","",'选型表'!Z13) -> PLAN12+52 | T13: =IF('选型表'!AA13="","",'选型表'!AA13) -> 轴承风冷；保温/伴热/保冷按工程规定
A14: =IF('选型表'!A14="","",'选型表'!A14) -> 007 | B14: =IF('选型表'!C14="","",'选型表'!C14) -> 3100-P-8121A/B | E14: =IF('选型表'!E14="","",'选型表'!E14) -> 2 | F14: =IF('选型表'!F14="","",'选型表'!F14) -> 蒸汽凝液 | G14: =IF('选型表'!G14="","",'选型表'!G14) -> 0.957 | H14: =IF('选型表'!H14="","",'选型表'!H14) -> 101 | I14: =IF('选型表'!K14="","",'选型表'!K14) -> 0.06 | J14: =IF('选型表'!L14="","",'选型表'!L14) -> 0.9 | K14: =IF('选型表'!J14="","",'选型表'!J14) -> 0.287565 | L14: =IF('选型表'!I14="","",'选型表'!I14) -> 0.11 | M14: =IF('选型表'!T14="","",'选型表'!T14) | Q14: 集装 | R14: =IF('选型表'!Y14="","",'选型表'!Y14) | S14: =IF('选型表'!Z14="","",'选型表'!Z14) -> PLAN23 | T14: =IF('选型表'!AA14="","",'选型表'!AA14) -> 轴承风冷；保温/伴热/保冷按工程规定
A15: =IF('选型表'!A15="","",'选型表'!A15) -> 008 | B15: =IF('选型表'!C15="","",'选型表'!C15) -> 3100-P-8151AB | E15: =IF('选型表'!E15="","",'选型表'!E15) -> 2 | F15: =IF('选型表'!F15="","",'选型表'!F15) -> 火炬凝液 | G15: =IF('选型表'!G15="","",'选型表'!G15) -> 0.642~1 | H15: =IF('选型表'!H15="","",'选型表'!H15) -> 160 | I15: =IF('选型表'!K15="","",'选型表'!K15) -> 0.15 | J15: =IF('选型表'!L15="","",'选型表'!L15) -> 1.1 | K15: =IF('选型表'!J15="","",'选型表'!J15) | L15: =IF('选型表'!I15="","",'选型表'!I15) | M15: =IF('选型表'!T15="","",'选型表'!T15) | Q15: 集装 | R15: =IF('选型表'!Y15="","",'选型表'!Y15) | S15: =IF('选型表'!Z15="","",'选型表'!Z15) -> PLAN23+53B | T15: =IF('选型表'!AA15="","",'选型表'!AA15) -> 轴承风冷；保温/伴热/保冷按工程规定
A16: =IF('选型表'!A16="","",'选型表'!A16) -> 009 | B16: =IF('选型表'!C16="","",'选型表'!C16) -> 3100-P-8171 | E16: =IF('选型表'!E16="","",'选型表'!E16) -> 1 | F16: =IF('选型表'!F16="","",'选型表'!F16) -> 废气冷凝液 | G16: =IF('选型表'!G16="","",'选型表'!G16) -> 0.7 | H16: =IF('选型表'!H16="","",'选型表'!H16) -> -18 | I16: =IF('选型表'!K16="","",'选型表'!K16) -> 0.01 | J16: =IF('选型表'!L16="","",'选型表'!L16) -> 0.52 | K16: =IF('选型表'!J16="","",'选型表'!J16) | L16: =IF('选型表'!I16="","",'选型表'!I16) -> 0.01 | M16: =IF('选型表'!T16="","",'选型表'!T16) | Q16: 集装 | R16: =IF('选型表'!Y16="","",'选型表'!Y16) | S16: =IF('选型表'!Z16="","",'选型表'!Z16) -> PLAN11+53B | T16: =IF('选型表'!AA16="","",'选型表'!AA16) -> 轴承风冷；保温/伴热/保冷按工程规定
A17: =IF('选型表'!A17="","",'选型表'!A17) -> 010 | B17: =IF('选型表'!C17="","",'选型表'!C17) -> 3100-P-3233A/B | E17: =IF('选型表'!E17="","",'选型表'!E17) -> 2 | F17: =IF('选型表'!F17="","",'选型表'!F17) -> 低聚物、己烷、辛烯 | G17: =IF('选型表'!G17="","",'选型表'!G17) -> 0.621 | H17: =IF('选型表'!H17="","",'选型表'!H17) -> 119.4 | I17: =IF('选型表'!K17="","",'选型表'!K17) -> 0.09 | J17: =IF('选型表'!L17="","",'选型表'!L17) -> 0.281 | K17: =IF('选型表'!J17="","",'选型表'!J17) -> 0.305153 | L17: =IF('选型表'!I17="","",'选型表'!I17) -> 0.155 | M17: =IF('选型表'!T17="","",'选型表'!T17) | Q17: 集装 | R17: =IF('选型表'!Y17="","",'选型表'!Y17) | S17: =IF('选型表'!Z17="","",'选型表'!Z17) -> PLAN22+52 | T17: =IF('选型表'!AA17="","",'选型表'!AA17) -> 轴承风冷；保温/伴热/保冷按工程规定
A18: =IF('选型表'!A18="","",'选型表'!A18) -> 011 | B18: =IF('选型表'!C18="","",'选型表'!C18) -> 3100-P-3243A/B | E18: =IF('选型表'!E18="","",'选型表'!E18) -> 2 | F18: =IF('选型表'!F18="","",'选型表'!F18) -> 工况1：己烷、辛烯、微量聚合物 工况2：己烷、丁烯(微量) | G18: =IF('选型表'!G18="","",'选型表'!G18) -> 工况1：0.60897 工况2：0.59224 | H18: =IF('选型表'!H18="","",'选型表'!H18) -> 工况1：101.5 工况2：89.9 | I18: =IF('选型表'!K18="","",'选型表'!K18) -> 工况1：0.17 工况2：0.17 | J18: =IF('选型表'!L18="","",'选型表'!L18) -> 工况1：0.38 工况2：0.52 | K18: =IF('选型表'!J18="","",'选型表'!J18) -> 工况1：0.312002 工况2：0.299878 | L18: =IF('选型表'!I18="","",'选型表'!I18) -> 工况1：0.2 工况2：0.2 | M18: =IF('选型表'!T18="","",'选型表'!T18) | Q18: 集装 | R18: =IF('选型表'!Y18="","",'选型表'!Y18) | S18: =IF('选型表'!Z18="","",'选型表'!Z18) -> 工况1：PLAN22+52 工况2：PLAN22+52 | T18: =IF('选型表'!AA18="","",'选型表'!AA18) -> 工况1：轴承风冷；保温/伴热/保冷按工程规定 工况2：轴承风冷；保温/伴热/保冷按工程规定
A19: =IF('选型表'!A19="","",'选型表'!A19) -> 012 | B19: =IF('选型表'!C19="","",'选型表'!C19) -> 3100-P-4212A/B | E19: =IF('选型表'!E19="","",'选型表'!E19) -> 2 | F19: =IF('选型表'!F19="","",'选型表'!F19) -> 辛烯-1、异辛烯、低聚物 | G19: =IF('选型表'!G19="","",'选型表'!G19) -> 0.61 | H19: =IF('选型表'!H19="","",'选型表'!H19) -> 141.8 | I19: =IF('选型表'!K19="","",'选型表'!K19) -> 0.098 | J19: =IF('选型表'!L19="","",'选型表'!L19) -> 0.473 | K19: =IF('选型表'!J19="","",'选型表'!J19) -> 0.236885 | L19: =IF('选型表'!I19="","",'选型表'!I19) -> 0.17 | M19: =IF('选型表'!T19="","",'选型表'!T19) | Q19: 集装 | R19: =IF('选型表'!Y19="","",'选型表'!Y19) | S19: =IF('选型表'!Z19="","",'选型表'!Z19) -> PLAN22+52 | T19: =IF('选型表'!AA19="","",'选型表'!AA19) -> 轴承风冷；保温/伴热/保冷按工程规定
... A27: =IF('选型表'!A27="","",'选型表'!A27) -> 020 | B27: =IF('选型表'!C27="","",'选型表'!C27) -> 3100-P-8303A/B/C | E27: =IF('选型表'!E27="","",'选型表'!E27) -> 3 | F27: =IF('选型表'!F27="","",'选型表'!F27) -> 冷水 | G27: =IF('选型表'!G27="","",'选型表'!G27) -> 0.998 | H27: =IF('选型表'!H27="","",'选型表'!H27) -> 12 | I27: =IF('选型表'!K27="","",'选型表'!K27) -> 0.02 | J27: =IF('选型表'!L27="","",'选型表'!L27) -> 0.83 | K27: =IF('选型表'!J27="","",'选型表'!J27) -> 1.232465 | L27: =IF('选型表'!I27="","",'选型表'!I27) -> 0.00489 | M27: =IF('选型表'!T27="","",'选型表'!T27) | Q27: 集装 | R27: =IF('选型表'!Y27="","",'选型表'!Y27) | S27: =IF('选型表'!Z27="","",'选型表'!Z27) -> PLAN11 | T27: =IF('选型表'!AA27="","",'选型表'!AA27) -> 轴承风冷；保温/伴热/保冷按工程规定
D28: 总计 | E28: =SUM(E8:E27) -> 38 | F28: 技术联系人：
A30: 此表（及其附件）经供需双方签字盖章确认后与合同具有同等法律效力，可以不再另行签订合同。 | J30: 交货时间： | O30: 其它约定事项： 1、机械密封结构满足API682要求：机械密封满足API 682 2、机械密封使用寿命：机械密封连续运行寿命≥25000h 3、机械密封结构要求：采用集装式；易燃易爆、毒性、高/低温或高污染介质采用双端面等更高安全结构，主密封失效时副密封安全运行≥24h；介质温度＞176℃时采用高温金属波纹管密封 4、机械密封材料要求：A未统一指定机械密封本体材料；密封冲洗系统阀门、冷却器、管道及管件采用304SS，冷却水系统采用碳钢 5、供货要求：供货范围包含机械密封及其冲洗/冷却系统和供货范围内管路、管件、支撑 6、资料要求：提供密封装配/剖面及安装图、材料与检验试验报告、合格证和安装操作维修资料；A未规定固定份数，待买方/内部确认
A31: 需方代表： | J31: 供方代表：
A32: 生产部： 采购部： 质量： 技术：

Sheet 电机采购单
A3: 制造商： | G3: 合同号： | I3: =IF('封面'!E8="","",'封面'!E8) | L3: 询价/采购申请单号： | T3: 此页要求查询涂黄处电动机信息
A4: 采购单位 | C4: 中石油吉林化工工程有限公司 | I4: 电机询价/采购申请单 P-01.01-P | M4: 所属地区 | O4: 江苏省南通市通州湾绿色化工拓展区(主体港) | Q4: 评审人
A5: 项目名称/ 装置名称 | C5: 蓝海新材料有限公司高端聚烯烃新材料项目10万吨/年POE装置 | M5: 联 系 人 | Q5: 日 期
A6: 分号 | B6: 设备位号 | C6: 泵 型 号 | E6: 电机型号 | F6: 额定转速 | G6: 功率 | H6: 数量 | I6: 安装 型式B3/V1 | J6: 电压V/ 相数PH/ 频率Hz | K6: 防爆/防护/ 绝缘等级 | L6: 温升 等级 | M6: 轴承 厂家 | N6: 布线 方式 | O6: 安装位置 | P6: 单 价 | Q6: 总价 | R6: 发票 | S6: 高压电机旋转方向： 从电机轴伸端看电机
F7: rpm | G7: (kW) | P7: (元) | Q7: (元) | R7: 情况
A8: =IF('选型表'!A8="","",'选型表'!A8) -> 001 | B8: =IF('选型表'!C8="","",'选型表'!C8) -> 3100-P-3133A/B | E8: =IF('选型表'!AB8="","",'选型表'!AB8) | F8: =IF('选型表'!T8="","",'选型表'!T8) | G8: =IF('选型表'!AC8="","",'选型表'!AC8) | H8: =IF('选型表'!E8="","",'选型表'!E8) -> 2 | I8: B3 | J8: 380V/3PH/50Hz | K8: 防爆:dIIBT4；防护:IP55；绝缘:F | L8: B | O8: 室外
A9: =IF('选型表'!A9="","",'选型表'!A9) -> 002 | B9: =IF('选型表'!C9="","",'选型表'!C9) -> 3100-P-3143A/B | E9: =IF('选型表'!AB9="","",'选型表'!AB9) | F9: =IF('选型表'!T9="","",'选型表'!T9) | G9: =IF('选型表'!AC9="","",'选型表'!AC9) | H9: =IF('选型表'!E9="","",'选型表'!E9) -> 2 | I9: B3 | J9: 380V/3PH/50Hz | K9: 防爆:dIIBT4；防护:IP55；绝缘:F | L9: B | O9: 室外
A10: =IF('选型表'!A10="","",'选型表'!A10) -> 003 | B10: =IF('选型表'!C10="","",'选型表'!C10) -> 3100-P-4112A/B | E10: =IF('选型表'!AB10="","",'选型表'!AB10) | F10: =IF('选型表'!T10="","",'选型表'!T10) | G10: =IF('选型表'!AC10="","",'选型表'!AC10) | H10: =IF('选型表'!E10="","",'选型表'!E10) -> 2 | I10: B3 | J10: 380V/3PH/50Hz | K10: 防爆:dIIBT4；防护:IP55；绝缘:F | L10: B | O10: 室外
A11: =IF('选型表'!A11="","",'选型表'!A11) -> 004 | B11: =IF('选型表'!C11="","",'选型表'!C11) -> 3100-P-4123A/B | E11: =IF('选型表'!AB11="","",'选型表'!AB11) | F11: =IF('选型表'!T11="","",'选型表'!T11) | G11: =IF('选型表'!AC11="","",'选型表'!AC11) | H11: =IF('选型表'!E11="","",'选型表'!E11) -> 2 | I11: B3 | J11: 380V/3PH/50Hz | K11: 防爆:dIIBT4；防护:IP55；绝缘:F | L11: B | O11: 室外
A12: =IF('选型表'!A12="","",'选型表'!A12) -> 005 | B12: =IF('选型表'!C12="","",'选型表'!C12) -> 3100-P-4133A/B | E12: =IF('选型表'!AB12="","",'选型表'!AB12) | F12: =IF('选型表'!T12="","",'选型表'!T12) | G12: =IF('选型表'!AC12="","",'选型表'!AC12) | H12: =IF('选型表'!E12="","",'选型表'!E12) -> 2 | I12: B3 | J12: 380V/3PH/50Hz | K12: 防爆:dIIBT4；防护:IP55；绝缘:F | L12: B | O12: 室外
A13: =IF('选型表'!A13="","",'选型表'!A13) -> 006 | B13: =IF('选型表'!C13="","",'选型表'!C13) -> 3100-P-4134 | E13: =IF('选型表'!AB13="","",'选型表'!AB13) | F13: =IF('选型表'!T13="","",'选型表'!T13) | G13: =IF('选型表'!AC13="","",'选型表'!AC13) | H13: =IF('选型表'!E13="","",'选型表'!E13) -> 1 | I13: B3 | J13: 380V/3PH/50Hz | K13: 防爆:dIIBT4；防护:IP55；绝缘:F | L13: B | O13: 室外
A14: =IF('选型表'!A14="","",'选型表'!A14) -> 007 | B14: =IF('选型表'!C14="","",'选型表'!C14) -> 3100-P-8121A/B | E14: =IF('选型表'!AB14="","",'选型表'!AB14) | F14: =IF('选型表'!T14="","",'选型表'!T14) | G14: =IF('选型表'!AC14="","",'选型表'!AC14) | H14: =IF('选型表'!E14="","",'选型表'!E14) -> 2 | I14: B3 | J14: 380V/3PH/50Hz | K14: 防爆:dIIBT4；防护:IP55；绝缘:F | L14: B | O14: 室外
A15: =IF('选型表'!A15="","",'选型表'!A15) -> 008 | B15: =IF('选型表'!C15="","",'选型表'!C15) -> 3100-P-8151AB | E15: =IF('选型表'!AB15="","",'选型表'!AB15) | F15: =IF('选型表'!T15="","",'选型表'!T15) | G15: =IF('选型表'!AC15="","",'选型表'!AC15) | H15: =IF('选型表'!E15="","",'选型表'!E15) -> 2 | I15: B3 | J15: 380V/3PH/50Hz | K15: 防爆:dIIBT4；防护:IP55；绝缘:F | L15: B | O15: 室外
A16: =IF('选型表'!A16="","",'选型表'!A16) -> 009 | B16: =IF('选型表'!C16="","",'选型表'!C16) -> 3100-P-8171 | E16: =IF('选型表'!AB16="","",'选型表'!AB16) | F16: =IF('选型表'!T16="","",'选型表'!T16) | G16: =IF('选型表'!AC16="","",'选型表'!AC16) | H16: =IF('选型表'!E16="","",'选型表'!E16) -> 1 | I16: B3 | J16: 380V/3PH/50Hz | K16: 防爆:dIIBT4；防护:IP55；绝缘:F | L16: B | O16: 室外
A17: =IF('选型表'!A17="","",'选型表'!A17) -> 010 | B17: =IF('选型表'!C17="","",'选型表'!C17) -> 3100-P-3233A/B | E17: =IF('选型表'!AB17="","",'选型表'!AB17) | F17: =IF('选型表'!T17="","",'选型表'!T17) | G17: =IF('选型表'!AC17="","",'选型表'!AC17) | H17: =IF('选型表'!E17="","",'选型表'!E17) -> 2 | I17: B3 | J17: 380V/3PH/50Hz | K17: 防爆:dIIBT4；防护:IP55；绝缘:F | L17: B | O17: 室外
A18: =IF('选型表'!A18="","",'选型表'!A18) -> 011 | B18: =IF('选型表'!C18="","",'选型表'!C18) -> 3100-P-3243A/B | E18: =IF('选型表'!AB18="","",'选型表'!AB18) | F18: =IF('选型表'!T18="","",'选型表'!T18) | G18: =IF('选型表'!AC18="","",'选型表'!AC18) | H18: =IF('选型表'!E18="","",'选型表'!E18) -> 2 | I18: B3 | J18: 380V/3PH/50Hz | K18: 防爆:dIIBT4；防护:IP55；绝缘:F | L18: B | O18: 室外
A19: =IF('选型表'!A19="","",'选型表'!A19) -> 012 | B19: =IF('选型表'!C19="","",'选型表'!C19) -> 3100-P-4212A/B | E19: =IF('选型表'!AB19="","",'选型表'!AB19) | F19: =IF('选型表'!T19="","",'选型表'!T19) | G19: =IF('选型表'!AC19="","",'选型表'!AC19) | H19: =IF('选型表'!E19="","",'选型表'!E19) -> 2 | J19: 380V/3PH/50Hz | K19: 防爆:dIIBT4；防护:IP55；绝缘:F | L19: B | O19: 室外
A20: =IF('选型表'!A20="","",'选型表'!A20) -> 013 | B20: =IF('选型表'!C20="","",'选型表'!C20) -> 3100-P-4213A/B | E20: =IF('选型表'!AB20="","",'选型表'!AB20) | F20: =IF('选型表'!T20="","",'选型表'!T20) | G20: =IF('选型表'!AC20="","",'选型表'!AC20) | H20: =IF('选型表'!E20="","",'选型表'!E20) -> 2 | I20: B3 | J20: 380V/3PH/50Hz | K20: 防爆:dIIBT4；防护:IP55；绝缘:F | L20: B | O20: 室外
A21: =IF('选型表'!A21="","",'选型表'!A21) -> 014 | B21: =IF('选型表'!C21="","",'选型表'!C21) -> 3100-P-4223A/B | E21: =IF('选型表'!AB21="","",'选型表'!AB21) | F21: =IF('选型表'!T21="","",'选型表'!T21) | G21: =IF('选型表'!AC21="","",'选型表'!AC21) | H21: =IF('选型表'!E21="","",'选型表'!E21) -> 2 | I21: B3 | J21: 380V/3PH/50Hz | K21: 防爆:dIIBT4；防护:IP55；绝缘:F | L21: B | O21: 室外
A22: =IF('选型表'!A22="","",'选型表'!A22) -> 015 | B22: =IF('选型表'!C22="","",'选型表'!C22) -> 3100-P-4233A/B | E22: =IF('选型表'!AB22="","",'选型表'!AB22) | F22: =IF('选型表'!T22="","",'选型表'!T22) | G22: =IF('选型表'!AC22="","",'选型表'!AC22) | H22: =IF('选型表'!E22="","",'选型表'!E22) -> 2 | I22: B3 | J22: 380V/3PH/50Hz | K22: 防爆:dIIBT4；防护:IP55；绝缘:F | L22: B | O22: 室外
A23: =IF('选型表'!A23="","",'选型表'!A23) -> 016 | B23: =IF('选型表'!C23="","",'选型表'!C23) -> 3100-P-4234 | E23: =IF('选型表'!AB23="","",'选型表'!AB23) | F23: =IF('选型表'!T23="","",'选型表'!T23) | G23: =IF('选型表'!AC23="","",'选型表'!AC23) | H23: =IF('选型表'!E23="","",'选型表'!E23) -> 1 | I23: B3 | J23: 380V/3PH/50Hz | K23: 防爆:dIIBT4；防护:IP55；绝缘:F | L23: B | O23: 室外
A24: =IF('选型表'!A24="","",'选型表'!A24) -> 017 | B24: =IF('选型表'!C24="","",'选型表'!C24) -> 3100-P-8221A/B | E24: =IF('选型表'!AB24="","",'选型表'!AB24) | F24: =IF('选型表'!T24="","",'选型表'!T24) | G24: =IF('选型表'!AC24="","",'选型表'!AC24) | H24: =IF('选型表'!E24="","",'选型表'!E24) -> 2 | I24: B3 | J24: 380V/3PH/50Hz | K24: 防爆:dIIBT4；防护:IP55；绝缘:F | L24: B | O24: 室外
A25: =IF('选型表'!A25="","",'选型表'!A25) -> 018 | B25: =IF('选型表'!C25="","",'选型表'!C25) -> 3100-P-8301A/B | E25: =IF('选型表'!AB25="","",'选型表'!AB25) | F25: =IF('选型表'!T25="","",'选型表'!T25) | G25: =IF('选型表'!AC25="","",'选型表'!AC25) | H25: =IF('选型表'!E25="","",'选型表'!E25) -> 2 | I25: B3 | J25: 380V/3PH/50Hz | K25: 防爆:非防爆；防护:IP55；绝缘:F | L25: B | O25: 室外
A26: =IF('选型表'!A26="","",'选型表'!A26) -> 019 | B26: =IF('选型表'!C26="","",'选型表'!C26) -> 3100-P-8302A/B | E26: =IF('选型表'!AB26="","",'选型表'!AB26) | F26: =IF('选型表'!T26="","",'选型表'!T26) | G26: =IF('选型表'!AC26="","",'选型表'!AC26) | H26: =IF('选型表'!E26="","",'选型表'!E26) -> 2 | I26: B3 | J26: 380V/3PH/50Hz | K26: 防爆:非防爆；防护:IP55；绝缘:F | L26: B | O26: 室外
A27: =IF('选型表'!A27="","",'选型表'!A27) -> 020 | B27: =IF('选型表'!C27="","",'选型表'!C27) -> 3100-P-8303A/B/C | E27: =IF('选型表'!AB27="","",'选型表'!AB27) | F27: =IF('选型表'!T27="","",'选型表'!T27) | G27: =IF('选型表'!AC27="","",'选型表'!AC27) | H27: =IF('选型表'!E27="","",'选型表'!E27) -> 3 | I27: B3 | J27: 10000V/3PH/50Hz | K27: 防爆:非防爆；防护:IP55；绝缘:F | L27: B | O27: 室外
E28: 总计台数： | H28: =SUM(H8:H27) -> 38 | I28: 技术联系人：
A30: 此表（及其附件）经供需双方签字盖章确认后与合同具有同等法律效力，可以不再另行签订合同 | G30: 交货时间： | J30: 其它约定事项： 1、电动机的能效等级：除变频电机外执行1级能效，进口电机IE5；连续工作制S1；使用寿命≥20年；低压连续运行≥4年；中压连续运行≥3年；中压采用全封闭扇冷或气—气/气—水冷却，方案经买方批准 2、电动机的工频/变频要求：按功率选择380V或10kV、三相50Hz；电压偏差≤±10%、频率偏差≤±2%时保持额定输出；同时偏差时电压≤±5%；冷态连续起动3次、热态连续起动2次 3、电动机的接线盒要求：接线盒可90°分度360°旋转，适配铠装电缆和不锈钢格兰，配316SS防雨罩；按功率/机座条件配置全绝缘空间加热器及独立接线盒；电动机机座设置外部接地连接点；定子绕组接法：定子绕组接成星型 4、电动机的测温要求：工频电机>185kW、变频电机>160kW时绕组配置6个Pt100（每相2个、单支三线制）；机座号≥H315mm时前后轴承配置Pt100并接测温箱 5、电动机的振动要求：按GB 10068和IEC 60034-14执行，振动速度≤1.8mm/s；空载时距设备表面1m最大声压≤85dB；≥75kW脂润滑电机配置前、后自动注脂器；轴承L10：水平安装≥100000h（低压2极50000h）、垂直安装≥25000h、皮带连接≥50000h；低压电机>75kW时，电机试验由买方审查/见证；中压电机试验由买方审查/见证 6、电动机的备件要求：提供两年操作备品备件清单并单独报价 7、所在地的海拔高度/大气压：户外、温带重防腐环境；防腐等级不低于THWF2或C5；项目地点及气象:建设地点:江苏省南通市通州湾绿色化工拓展区(主体港);大气压:101.59 kPa(A);极端最高气温:39.6 °C;极端最低气温:-10.9 °C;年平均相对湿度:77.6 %；户外安装的配套电动机最低防护等级为IP55
A32: 需方代表： | G32: 供方代表：
J33: 喷漆颜色 | K33: 中酞蓝（PB04） | L33: 色卡号： | M33: RAL 5010
A34: 生产部： 采购部： 质量： 技术：

Sheet 联轴器采购单
A1: 供应商： | F1: 询价/采购申请单号： | I1: =IF('密封采购单'!P1="","",'密封采购单'!P1)
A2: 采购单位 | C2: =IF('选型表'!D3="","",'选型表'!D3) -> 中石油吉林化工工程有限公司 | F2: 联轴器采购单 | O2: 所属地区 | P2: =IF('选型表'!Y3="","",'选型表'!Y3) -> 江苏省南通市通州湾绿色化工拓展区(主体港) | Q2: =IF('选型表'!AB3="","",'选型表'!AB3) -> 评审人 | S2: =IF('选型表'!AC3="","",'选型表'!AC3)
A3: 项目名称/ 装置名称 | C3: =IF('选型表'!D5="","",'选型表'!D5) -> 蓝海新材料有限公司高端聚烯烃新材料项目10万吨/年POE装置 | O3: 联 系 人 | P3: =IF('选型表'!Y5="","",'选型表'!Y5) | Q3: 日 期 | S3: =IF('选型表'!AC5="","",'选型表'!AC5)
A4: 由技术/工程部填写 | P4: 由联轴器供应商填写
A5: 序号 | B5: 设备位号 | C5: 泵 型 号 | E5: 泵台数 | F5: =IF('选型表'!S6="","",'选型表'!S6) -> 自吸高度m | G5: 轴功率kW | H5: 电机型号 | I5: 电机功率kW | J5: 泵端轴头规格连接尺寸mm | K5: 电机端轴头规格连接尺寸mm | L5: 轴承架号 | M5: 联轴器类型 | N5: 轴端间距（DBSE） mm | O5: 备 件 | P5: 联轴器 | S5: 备注
P6: 型号 | Q6: 单价 | R6: 总价
U7: 此页要求查询涂黄处联轴器信息
A8: =IF('选型表'!A8="","",'选型表'!A8) -> 001 | B8: =IF('选型表'!C8="","",'选型表'!C8) -> 3100-P-3133A/B | E8: =IF('选型表'!E8="","",'选型表'!E8) -> 2 | F8: =IF('选型表'!T8="","",'选型表'!T8) | G8: =IF('选型表'!X8="","",'选型表'!X8) | H8: =IF('选型表'!AB8="","",'选型表'!AB8) | I8: =IF('选型表'!AC8="","",'选型表'!AC8) | L8: =IF('选型表'!AD8="","",'选型表'!AD8) | M8: 挠性膜片
A9: =IF('选型表'!A9="","",'选型表'!A9) -> 002 | B9: =IF('选型表'!C9="","",'选型表'!C9) -> 3100-P-3143A/B | E9: =IF('选型表'!E9="","",'选型表'!E9) -> 2 | F9: =IF('选型表'!T9="","",'选型表'!T9) | G9: =IF('选型表'!X9="","",'选型表'!X9) | H9: =IF('选型表'!AB9="","",'选型表'!AB9) | I9: =IF('选型表'!AC9="","",'选型表'!AC9) | L9: =IF('选型表'!AD9="","",'选型表'!AD9) | M9: 挠性膜片
A10: =IF('选型表'!A10="","",'选型表'!A10) -> 003 | B10: =IF('选型表'!C10="","",'选型表'!C10) -> 3100-P-4112A/B | E10: =IF('选型表'!E10="","",'选型表'!E10) -> 2 | F10: =IF('选型表'!T10="","",'选型表'!T10) | G10: =IF('选型表'!X10="","",'选型表'!X10) | H10: =IF('选型表'!AB10="","",'选型表'!AB10) | I10: =IF('选型表'!AC10="","",'选型表'!AC10) | L10: =IF('选型表'!AD10="","",'选型表'!AD10) | M10: 挠性膜片
A11: =IF('选型表'!A11="","",'选型表'!A11) -> 004 | B11: =IF('选型表'!C11="","",'选型表'!C11) -> 3100-P-4123A/B | E11: =IF('选型表'!E11="","",'选型表'!E11) -> 2 | F11: =IF('选型表'!T11="","",'选型表'!T11) | G11: =IF('选型表'!X11="","",'选型表'!X11) | H11: =IF('选型表'!AB11="","",'选型表'!AB11) | I11: =IF('选型表'!AC11="","",'选型表'!AC11) | L11: =IF('选型表'!AD11="","",'选型表'!AD11) | M11: 挠性膜片
A12: =IF('选型表'!A12="","",'选型表'!A12) -> 005 | B12: =IF('选型表'!C12="","",'选型表'!C12) -> 3100-P-4133A/B | E12: =IF('选型表'!E12="","",'选型表'!E12) -> 2 | F12: =IF('选型表'!T12="","",'选型表'!T12) | G12: =IF('选型表'!X12="","",'选型表'!X12) | H12: =IF('选型表'!AB12="","",'选型表'!AB12) | I12: =IF('选型表'!AC12="","",'选型表'!AC12) | L12: =IF('选型表'!AD12="","",'选型表'!AD12) | M12: 挠性膜片
A13: =IF('选型表'!A13="","",'选型表'!A13) -> 006 | B13: =IF('选型表'!C13="","",'选型表'!C13) -> 3100-P-4134 | E13: =IF('选型表'!E13="","",'选型表'!E13) -> 1 | F13: =IF('选型表'!T13="","",'选型表'!T13) | G13: =IF('选型表'!X13="","",'选型表'!X13) | H13: =IF('选型表'!AB13="","",'选型表'!AB13) | I13: =IF('选型表'!AC13="","",'选型表'!AC13) | L13: =IF('选型表'!AD13="","",'选型表'!AD13) | M13: 挠性膜片
A14: =IF('选型表'!A14="","",'选型表'!A14) -> 007 | B14: =IF('选型表'!C14="","",'选型表'!C14) -> 3100-P-8121A/B | E14: =IF('选型表'!E14="","",'选型表'!E14) -> 2 | F14: =IF('选型表'!T14="","",'选型表'!T14) | G14: =IF('选型表'!X14="","",'选型表'!X14) | H14: =IF('选型表'!AB14="","",'选型表'!AB14) | I14: =IF('选型表'!AC14="","",'选型表'!AC14) | L14: =IF('选型表'!AD14="","",'选型表'!AD14) | M14: 挠性膜片
A15: =IF('选型表'!A15="","",'选型表'!A15) -> 008 | B15: =IF('选型表'!C15="","",'选型表'!C15) -> 3100-P-8151AB | E15: =IF('选型表'!E15="","",'选型表'!E15) -> 2 | F15: =IF('选型表'!T15="","",'选型表'!T15) | G15: =IF('选型表'!X15="","",'选型表'!X15) | H15: =IF('选型表'!AB15="","",'选型表'!AB15) | I15: =IF('选型表'!AC15="","",'选型表'!AC15) | L15: =IF('选型表'!AD15="","",'选型表'!AD15) | M15: 挠性膜片
A16: =IF('选型表'!A16="","",'选型表'!A16) -> 009 | B16: =IF('选型表'!C16="","",'选型表'!C16) -> 3100-P-8171 | E16: =IF('选型表'!E16="","",'选型表'!E16) -> 1 | F16: =IF('选型表'!T16="","",'选型表'!T16) | G16: =IF('选型表'!X16="","",'选型表'!X16) | H16: =IF('选型表'!AB16="","",'选型表'!AB16) | I16: =IF('选型表'!AC16="","",'选型表'!AC16) | L16: =IF('选型表'!AD16="","",'选型表'!AD16) | M16: 挠性膜片
A17: =IF('选型表'!A17="","",'选型表'!A17) -> 010 | B17: =IF('选型表'!C17="","",'选型表'!C17) -> 3100-P-3233A/B | E17: =IF('选型表'!E17="","",'选型表'!E17) -> 2 | F17: =IF('选型表'!T17="","",'选型表'!T17) | G17: =IF('选型表'!X17="","",'选型表'!X17) | H17: =IF('选型表'!AB17="","",'选型表'!AB17) | I17: =IF('选型表'!AC17="","",'选型表'!AC17) | L17: =IF('选型表'!AD17="","",'选型表'!AD17) | M17: 挠性膜片
A18: =IF('选型表'!A18="","",'选型表'!A18) -> 011 | B18: =IF('选型表'!C18="","",'选型表'!C18) -> 3100-P-3243A/B | E18: =IF('选型表'!E18="","",'选型表'!E18) -> 2 | F18: =IF('选型表'!T18="","",'选型表'!T18) | G18: =IF('选型表'!X18="","",'选型表'!X18) | H18: =IF('选型表'!AB18="","",'选型表'!AB18) | I18: =IF('选型表'!AC18="","",'选型表'!AC18) | L18: =IF('选型表'!AD18="","",'选型表'!AD18) | M18: 挠性膜片
A19: =IF('选型表'!A19="","",'选型表'!A19) -> 012 | B19: =IF('选型表'!C19="","",'选型表'!C19) -> 3100-P-4212A/B | E19: =IF('选型表'!E19="","",'选型表'!E19) -> 2 | F19: =IF('选型表'!T19="","",'选型表'!T19) | G19: =IF('选型表'!X19="","",'选型表'!X19) | H19: =IF('选型表'!AB19="","",'选型表'!AB19) | I19: =IF('选型表'!AC19="","",'选型表'!AC19) | L19: =IF('选型表'!AD19="","",'选型表'!AD19) | M19: 挠性膜片
... A27: =IF('选型表'!A27="","",'选型表'!A27) -> 020 | B27: =IF('选型表'!C27="","",'选型表'!C27) -> 3100-P-8303A/B/C | E27: =IF('选型表'!E27="","",'选型表'!E27) -> 3 | F27: =IF('选型表'!T27="","",'选型表'!T27) | G27: =IF('选型表'!X27="","",'选型表'!X27) | H27: =IF('选型表'!AB27="","",'选型表'!AB27) | I27: =IF('选型表'!AC27="","",'选型表'!AC27) | L27: =IF('选型表'!AD27="","",'选型表'!AD27) | M27: 挠性膜片
D28: 总计 | E28: =SUM(E8:E27) -> 38
A30: 此表（及其附件）经供需双方签字盖章确认后与合同具有同等法律效力，可以不再另行签订合同。 | H30: 其它约定事项： 1、联轴器执行标准要求：按API 671执行 2、联轴器的备件要求：提供两年操作备品备件清单并单独报价 3、联轴器的结构要求：联轴器型式：挠性膜片、加长段；采用无润滑结构；不允许采用皮带传动和链传动；联轴器及其与轴接合部分承载能力≥最大驱动机功率的125%（含驱动机使用系数）；护罩：全封闭无火花型联轴器护罩，带盘车窗；承受任意方向900N静载荷时偏转不超过3mm
A31: 需方代表：
A32: 计划员： 生产部负责人： 下达日期： 要求供货日期： 供应科长： 采购： 检查： 保管员：

Sheet 接线箱询价单 
F1: =IF('封面'!E8="","",'封面'!E8)
A2: 采购单位 | C2: =IF('封面'!E11="","",'封面'!E11) | F2: 接线箱采购单 | Q2: 所属地区 | R2: 江苏省南通市通州湾绿色化工拓展区(主体港) | T2: 评审人
A3: 业主名称 | C3: 蓝海新材料(通州湾)有限责任公司
A4: 项目名称/装置名称 | C4: =IF('封面'!E9="","",'封面'!E9) | Q4: 联系人 | T4: 评审日期 | U4: =IF('封面'!E18="","",'封面'!E18) | X4: 此页要求查询涂黄处接线箱信息
A5: 序号 | B5: 设备位号 | C5: 型号 | E5: 数量 | F5: 操 作 条 件
Q6: 供货周期 | R6: 材质 | S6: 型号 | T6: 单价 （元） | U6: 备注
S7: 系统 | T7: 系统
D8: ='选型表'!R8 | F8: 1、接线箱的材质要求：316/316LSS；下进线；公制接口 2、接线箱的厂家要求：A未指定厂家，待买方/采购确认 3、接线箱的防爆等级、防护等级要求：泵成套仪表Ex ia IIC T4；现场接线箱Ex d IIC T4，IP65 4、接线箱的接线端子要求、内部元器件要求：不同信号类型分箱；仪表至接线箱采用铠装电缆 5、接线箱的资料要求、防爆认证要求：提供适用的防爆认证 6、接线箱的资料要求，份数，语言：A未规定固定份数，待买方/内部确认；国内采购资料中文；需外商审核的数据表、性能曲线、流程图等中英文；国外采购资料可中文或英文，安全注意事项中英文
A9: 合计 | E9: =SUM(E8:E8)
A10: 说明：

Sheet 喷漆包装要求
A1: ="喷漆"&'封面'!E8 -> 喷漆 | E1: ="包装"&'封面'!E8 -> 包装
A2: 油漆品牌 | B2: 油漆厂家按项目短名单选取；厂家标准须提交业主和设计批准，否则执行A附录A-2 | E2: 设备包装要求
A3: 油漆种类 | B3: 按A附录A-2涂漆选择一览表执行；依据材质、实际运行温度及保温/保冷状态选择对应油漆体系
A4: 漆膜厚度 | B4: 按A附录A-2对应体系的涂层道数及最小干膜厚度执行；采用厂家标准须经业主和设计批准
A5: 地区环境 | B5: 沿海湿热
A6: 部位 | B6: 面漆颜色 | C6: 色卡号 | D6: 备注 | E6: 泵组室外保存：包装应满足室外放置6个月以上的要求 包装：装置应有内包装和外包装箱，插件插箱应锁紧扎牢，包装箱应有防尘、防雨、防震措施。在经过正常条件的运输后包装箱不应损坏。 装箱资料：装箱资料应至少包括下列文件，并应妥善包装、防止受潮：装箱单（标明装置附件、备件）、出厂试验报告、合格证、使用说明书 运输：装置应适于陆运、水运(海运)或空运，运输和装卸按包装箱上的标记进行。产品运输过程中要确保安全。 储存环境：装置储存时，储存场地不得有酸、碱、盐、腐蚀性气体、物质和爆炸性气体、粉尘，并不受灰尘、雨、雪侵袭。 储存库房：装置应储存在温度和湿度符合规定的库房内。 海运及到货保存：所有仪表设备应在出厂前进行适当的包装并在运输过程保持完好。所有仪表附件应装箱运输并在箱体上标记识别编码。所有海运过程中暴露在环境条件下的仪表部件应提供防护措施，例如:阀门的法兰面应采用塑料盖密封。
A7: 泵 | B7: 银 | C7: RAL 9006
A8: 底座 | B8: 灰 | C8: RAL 7035
A9: 联轴器护罩 | B9: 淡黄 | C9: RAL 1018
A10: 电机 | B10: 中酞蓝（PB04） | C10: RAL 5010
A11: 系统管路 | B11: 按支路分类：304SS密封冲洗支路本色、不涂漆；碳钢冷却水支路艳绿 | C11: 见备注 | D11: 密封冲洗支路的阀门、冷却器、管道及管件采用304SS；304SS支路按不锈钢材质例外保持本色、不刷表面色，仅保留标志；冷却水支路采用碳钢；碳钢冷却水支路按水系统颜色执行艳绿RAL 6029
A12: 热水管路 | B12: 艳绿 | C12: RAL 6029 | D12: 水系统管道艳绿RAL6029；材质例外：有色金属/不锈钢/陶瓷/塑料/玻璃钢/搪瓷/镀锌保持本色，不刷表面色，仅保留标志
A13: 冷却水管路 | B13: 艳绿 | C13: RAL 6029 | D13: 水系统管道艳绿RAL6029；材质例外：有色金属/不锈钢/陶瓷/塑料/玻璃钢/搪瓷/镀锌保持本色，不刷表面色，仅保留标志
A14: 蒸汽管路 | B14: 银 | C14: RAL 9006
A15: 标志色 | B15: 大红 | C15: RAL 2002 | D15: 局部色带，色带宽带宜比文字内容两端各增加20cm~30cm
A16: 进出口阀门及过滤器等 | B16: 按阀体材质/部件分类 | C16: 见备注 | D16: 阀门/小型设备分类（色号均为RAL）：阀体—灰/可锻铸铁黑9017，球墨铸铁银9006，碳钢中灰7030，耐酸钢海蓝5015，合金钢中酞蓝5010；手轮/手柄—钢阀海蓝5015、铸铁阀大红2002；安全阀大红2002；小型设备银9006；可用出厂色
A17: 控制柜（接线箱）等 | B17: 不锈钢本色，不涂漆 | D17: 本泵包露天/现场仪表接线箱采用316/316LSS，保持本色、不刷表面色，仅保留标志；普通非不锈钢箱柜颜色矩阵：按对象区分：配电箱/现场箱灰RAL7035；室外仪表盘（柜）海灰RAL7038；不锈钢接线箱及复合/铝合金部件保持本色，不刷表面色，仅保留标志
A18: 其他部件（独立安装发货的大件） | B18: 出厂色/银色 | C18: RAL 9006/按部件确认 | D18: 未列设备采用出厂色或银色RAL9006；按具体部件/材质确认
A21: 注意：针对有不锈钢表面不喷漆的要求，首先工程部与用户确认，泵头部分是否也按此执行；
A22: 厂标：如果有不锈钢表面不喷漆要求，焊接部位必须酸洗，机加工表面不用酸洗，不锈钢管需要采用亮管，不锈钢泵头部分按酸洗钝化处理。

Sheet 检验试验要求
C1: ="检验"&'封面'!E8 -> 检验
A2: 检验和试验要求：检验和试验总则:卖方应根据质量控制计划,有关工程规定和数据表的要求对提供的设备进行检验和试验。试验步骤和可接受的准则应符合合同标准和规范。如果存在国际标准和规范中没有要求的试验,此项试验可按卖方的检查和试验步骤进行。 A数据表四项见证栏原始勾选：性能试验、机械运转试验、汽蚀试验、水压试验均勾‘非观察’（映射至B为提交报告R点）；‘目睹’（映射买方见证W点）未勾 机械密封冷却器水压试验:机械密封冲洗液冷却器壳体水压试验压力应至少和泵的最大允许工作压力 (MAWP)一致。如果存在特殊工况无法满足时须经买方批准。 承压部件水压试验:所有承压部件的水压试验压力至少为最大允许工作压力(MAWP)的1.5倍。 性能试验附件:性能试验应使用所有合同中签订的密封设备和附件。至少应包含密封冲洗/隔离/缓冲/ 管线及罐。 减速或减级试验:通过减速或减级进行性能试验的措施必须在合同签订前得到买方的书面许可。 汽蚀试验判据:额定点的有效汽蚀余量(NPSHa)与必需汽蚀余量(NPSHr)之间的差值至少为1m。 如不满足,则至少并应满足额定点的有效汽蚀余量(NPSHa)与必需汽蚀余量(NPSHr)之间的差值不应小于0.6m,且不应考虑对烃类液体的修正系数。额定点的有效汽蚀余量 (NPSHa)与必需汽蚀余量(NPSHr)之间的差值在0.6~1m之间时,需做泵的汽蚀实验。 性能保证:卖方应保证泵的性能符合相关规定的要求。性能偏差不超过API610的规定,但是流量和扬程不接受负偏差。 辅助管路焊缝无损检测:所有辅助管线的焊接,包括任何密封焊,应进行磁粉探伤或液体着色探伤检查。如果可行应进行X射线探伤检查以保证承插焊连接装备正确和NPT连接的密封焊的螺纹啮合正确。 检验试验记录:卖方的检验报告和证明;在卖方工厂所完成的试验报告 机械运转试验:要求,按合同标准和质量控制计划执行 平衡试验:如有规定,进行高速动平衡试验 噪声:距设备表面1m处噪声≤85dB(A) 振动:符合GB/T 6075的A区要求
I4: 此页要求查询涂黄处检验和试验信息

Sheet 完工资料要求
D1: ="完工资料"&'封面'!E8 -> 完工资料
A2: 完工资料要求
A3: 内容 | B3: A类资料：所有机器和设备基础图及设计负荷数据（地脚孔、基础外形、静/动载荷、重心、振动、最大件及维修重量等）；机组主要连接管口允许力/力矩/位移及界区接口管道方位、等级；公用工程消耗清单（水、电、气、油等）；仪表设备一览表；报警、联锁原理图及设定值；电动机控制原理图、电气接线图及布置图；P&ID、外形图、布置图及数据表 B类资料：装配图、剖面图、安装图；辅助设备结构图、安装图；易损件部件图、材料及特殊要求；详细配管空视图、管道支点位置/受力计算及支架型式；机组润滑油要求及润滑油系统图；电动机接线箱资料；机组组装及拆卸程序 C类资料：主要受力元件材料试验报告；卖方检验报告和证明；卖方工厂完成的试验报告；安装说明书、操作手册和维修手册；备品备件表；专用工具表；仪表控制说明书；装箱单（设备、材料等）；有关参数、文件及图纸目录；润滑油牌号、粘度等指标清单；产品合格证、质量证明书、竣工图及制造安全质量监督检验证书；压力容器图纸、质量证明文件及合格证（含实际/设计厚度、检验周期和方法） 交付介质：同时提供电子版随机资料 | F3: 此页要求查询涂黄处完工资料/完工报告信息
A4: 份数 | B4: A未规定固定份数，待买方/内部确认
A5: 语言 | B5: 国内采购资料中文；需外商审核的数据表、性能曲线、流程图等中英文；国外采购资料可中文或英文，安全注意事项中英文
A6: 时间/进度 | B6: A类基础图及负荷数据：中标通知书后2周；管口力矩/接口资料：中标通知书后6周；其余按买方交付进度要求

Sheet 名词概念及注意事项
A2: 名词概念及注意事项
A3: 序号 | B3: 注意内容
A4: 1 | B4: 随机资料内容及编制方法详见技术协议
A5: 2 | B5: 每位号：指每个分号（例如2018-S-008-001为1个分号） | D5: 制式文件，此页无需操作
A6: 3 | B6: 1台套：指1台整机的全部用量（例如两端支撑泵用机械密封1台套实际包含数量为2套机械密封）
A7: 4 | B7: 套和台套要区分清楚：对于两端支撑泵，如果用户只要1套备件，工程人员需要明确写出要驱动端的还是非驱动端的
A8: 5 | B8: 1台套/泵型号：指相同泵型号的备件要1台套即可，如果相同型号备件材质不同，需要按高材质提供，工程人员应明确指出按哪个位号提供
A9: 6 | B9: 排产时工程人员应提供材料执行标准及材质代号
A10: 7 | B10: 如果各部件有特殊要求，例如碳钢轴承架、油雾润滑及轴承箱风冷等，要在排产说明中指出
A11: 8 | B11: 未写明标准版本的均按照最新版本执行
